 Dungeon Crawl Stone Soup version 0.30-a0-585-g93115170b9 (webtiles) character file.

Game seed: 2122096416414390532

1618078 MackTheKnife the Deadly Accurate (level 27, 224/224 HPs)
             Began as a Gnoll Wanderer on Dec 30, 2022.
             Was a High Priest of Makhleb.
             Escaped with the Orb
             ... and 3 runes on Jan 1, 2023!
             The game lasted 04:20:25 (74140 turns).

MackTheKnife the Deadly Accurate (Gnoll Wanderer)  Turns: 74140, Time: 04:20:25

Health: 224/224    AC: 29    Str: 10    XL:     27
Magic:  37/37      EV: 22    Int: 23    God:    Makhleb [*****.]
Gold:   2349       SH:  0    Dex: 19    Spells: 4/64 levels left

rFire   + + +      SeeInvis +    R - +7 triple sword of Qaetuot {vamp, rElec SInv, longrare=g}
rCold   + . .      Faith    .    (shield currently unavailable)
rNeg    + . .      Spirit   .    c - quicksilver dragon scales {rare}
rPois   +          Reflect  .    i - +3 hat of Woen {rF++}
rElec   +          Harm     .    f - +2 cloak "Ysaeceuq" {rN+}
rCorr   +          Rampage  .    p - +0 pair of gloves of Dyspraxia {rF++ Str-3}
Will    +++++      Rage     3%   P - +2 pair of boots "Telotom" {Str+4}
Stlth   +++                      K - amulet of magic regeneration {@e2}
HPRegen 0.57/turn                n - ring "Bilyff" {rC+ Will+ rCorr Int+2}
MPRegen 0.65/turn                S - ring "Zudukk" {Wiz rPois}

@: studying 2 skills
A: fangs 1, strong nose, distributed training, hooves 1, berserk 1, low MP 2,
strong-willed 1, sense surroundings 1, poison resistance, screaming 1
0: Orb of Zot
}: 3/15 runes: serpentine, barnacled, silver
a: Renounce Religion, Minor Destruction, Lesser Servant of Makhleb, Major
Destruction, Greater Servant of Makhleb


You escaped.
You worshipped Makhleb.
Makhleb was extremely pleased with you.
You visited 9 branches of the dungeon, and saw 47 of its levels.
You visited 1 bazaar.
You also visited: Trove, Gauntlet, Ice Cave, Wizlab and Desolation.

You collected 6337 gold pieces.
You spent 3988 gold pieces at shops.


Innate Abilities, Weirdness & Mutations

You have very sharp teeth.
Your uncanny sense of smell can sniff out nearby items.
Your experience applies equally to all skills.
You have large cloven feet.
You sometimes lose your temper in combat.
Your magical capacity is very low. (-20% MP)
You are strong-willed. (Will+)
You passively map a small area around you.
Your system is resistant to poisons. (rPois)
You occasionally shout uncontrollably at your foes.


   Skills:
 + Level 20.1 Fighting
 + Level 19.2 Short Blades
 + Level 19.2 Long Blades
 + Level 19.2 Axes
 + Level 19.6 Maces & Flails
 + Level 19.2 Polearms
 + Level 19.2 Staves
 + Level 19.2 Ranged Weapons
 + Level 20.9 Throwing
 + Level 19.2 Armour
 + Level 20.2 Dodging
 + Level 19.2 Stealth
 + Level 19.2 Shields
 + Level 19.2 Unarmed Combat
 + Level 19.4 Spellcasting
 + Level 16.8 Conjurations
 + Level 16.3 Hexes
 + Level 16.3 Summonings
 + Level 16.3 Necromancy
 + Level 16.3 Translocations
 + Level 16.3 Transmutations
 + Level 16.3 Fire Magic
 + Level 16.3 Ice Magic
 + Level 16.3 Air Magic
 + Level 16.3 Earth Magic
 + Level 16.3 Poison Magic
 + Level 20.7 Invocations
 + Level 19.3 Evocations


You had 4 spell levels left.
You knew the following spells:

 Your Spells              Type           Power      Damage    Failure   Level
a - Borgnjor's Revivific  Necr           39%        N/A       12%         8
b - Haunt                 Necr/Summ      39%        N/A       1%          7
c - Freezing Cloud        Conj/Ice/Air   39%        6-21      1%          5
d - Irradiate             Conj/Tmut      39%        3d24      1%          5
e - Spellforged Servitor  Conj/Summ      39%        N/A       1%          7
g - Animate Dead          Necr           78%        N/A       1%          4
h - Borgnjor's Vile Clut  Necr/Erth      39%        N/A       1%          5
i - Malign Gateway        Summ/Tloc      39%        N/A       1%          7
j - Death Channel         Necr           39%        N/A       1%          6
z - Iron Shot             Conj/Erth      39%        9d8       1%          6

Your spell library contained the following spells:

 Spells                   Type           Power      Damage    Failure   Level
 Apportation              Tloc           100%       N/A       0%          1
 Foxfire                  Conj/Fire      100%       2x1d9     0%          1
 Necrotise                Necr           100%       1d9       0%          1
 Shock                    Conj/Air       100%       1d9       0%          1
 Summon Small Mammal      Summ           100%       N/A       0%          1
 Cigotuvi's Dreadful Rot  Necr/Pois/Air  100%       N/A       0%          2
 Ensorcelled Hibernation  Hex/Ice        100%       N/A       0%          2
 Momentum Strike          Conj/Tloc      100%       3d10      0%          2
 Passwall                 Tmut/Erth      65%        N/A       0%          2
 Poisonous Vapours        Pois/Air       100%       N/A       0%          2
 Searing Ray              Conj           100%       2d8       0%          2
 Static Discharge         Conj/Air       100%       2-7/arc   0%          2
 Sublimation of Blood     Necr           78%        N/A       0%          2
 Call Canine Familiar     Summ           78%        N/A       0%          3
 Confusing Touch          Hex            78%        N/A       0%          3
 Dazzling Flash           Conj/Hex       100%       N/A       0%          3
 Frozen Ramparts          Ice            100%       1d16      0%          3
 Gell's Gravitas          Tloc           78%        N/A       0%          3
 Ignite Poison            Fire/Tmut/Pois 78%        N/A       0%          3
 Kindle Blastsparks       Fire/Tloc/Air  100%       2d18      0%          3
 Lesser Beckoning         Tloc           100%       N/A       0%          3
 Mephitic Cloud           Conj/Pois/Air  78%        N/A       0%          3
 Portal Projectile        Hex/Tloc       100%       N/A       0%          3
 Spider Form              Tmut/Pois      78%        N/A       0%          3
 Swiftness                Air            78%        N/A       0%          3
 Teleport Other           Tloc           78%        N/A       0%          3
 Tukima's Dance           Hex            78%        N/A       0%          3
 Anguish                  Hex/Necr       39%        N/A       1%          4
 Animate Armour           Summ/Erth      100%       N/A       1%          4
 Dispel Undead            Necr           78%        3d26      1%          4
 Ice Form                 Ice/Tmut       78%        N/A       1%          4
 Iskenderun's Mystic Bla  Conj/Tloc      78%        2d16      1%          4
 Leda's Liquefaction      Hex/Erth       39%        N/A       1%          4
 Manifold Assault         Tloc           78%        N/A       1%          4
 Petrify                  Tmut/Erth      78%        N/A       1%          4
 Summon Ice Beast         Ice/Summ       78%        N/A       1%          4
 Alistair's Intoxication  Tmut/Pois      52%        N/A       1%          5
 Arcjolt                  Conj/Air       39%        1d49      1%          5
 Blade Hands              Tmut           39%        N/A       1%          5
 Fireball                 Conj/Fire      39%        3d16      1%          5
 Iskenderun's Battlesphe  Conj           79%        2d13      1%          5
 Metabolic Englaciation   Hex/Ice        39%        N/A       1%          5
 Conjure Ball Lightning   Conj/Air       39%        3x3d13    1%          6
 Dispersal                Tloc           39%        N/A       1%          6
 Eringya's Noxious Bog    Tmut/Pois      39%        N/A       1%          6
 Starburst                Conj/Fire      39%        6d11      1%          6
 Statue Form              Tmut/Erth      52%        N/A       1%          6
 Orb of Destruction       Conj           39%        9d11      1%          7
 Lehudib's Crystal Spear  Conj/Erth      39%        10d10     11%         8
 Disjunction              Tloc           39%        N/A       12%         8
 Infestation              Necr           39%        N/A       12%         8
 Necromutation            Tmut/Necr      39%        N/A       12%         8
 Summon Horrible Things   Summ           39%        N/A       12%         8
 Death's Door             Necr           39%        N/A       86%         9
 Shatter                  Erth           39%        3d31*     86%         9

Inventory:

Hand Weapons
 a - the +4 sling "Xomaplia" {drain, Fly rPois Int+2}
   (You bought it in a shop on level 7 of the Dungeon)

   A truly terrible weapon, it drains the life of any living foe it strikes.
   Int:       It affects your intelligence (+2).
   rPois:     It protects you from poison.
   Fly:       It grants you flight.
 R - the +7 triple sword of Qaetuot (weapon) {vamp, rElec SInv, longrare=g}
   (You found it in a treasure trove)

   It occasionally heals its wielder for a portion of the damage dealt when it
   wounds a living foe.
   rElec:     It insulates you from electricity.
   SInv:      It lets you see invisible.
Armour
 c - quicksilver dragon scales (worn) {rare}
   (You found it on level 3 of the Realm of Zot)
 f - the +2 cloak "Ysaeceuq" (worn) {rN+}
   (You found it in a wizard's laboratory)

   rN:        It protects you from negative energy.
 i - the +3 hat of Woen (worn) {rF++}
   (You found it on level 2 of the Vaults)

   rF:        It greatly protects you from fire.
 p - the +0 pair of gloves of Dyspraxia (worn) {rF++ Str-3}
   (You found it on level 2 of the Shoals)

   Str:       It affects your strength (-3).
   rF:        It greatly protects you from fire.
 P - the +2 pair of boots "Telotom" (worn) {Str+4}
   (You found it on level 3 of the Vaults)

   Str:       It affects your strength (+4).
 Q - the +4 moon troll leather armour {Spirit, Regen++ MP+5}
   (You took it off a moon troll in a wizard's laboratory)

   MP:        It affects your magic capacity (+5).
   Regen:     It increases your rate of health regeneration.
Jewellery
 d - the ring of Beauty {Fly MP+9}
   (You found it in the Desolation of Salt)

   [ring of flight]

   MP:        It affects your magic capacity (+9).
   Fly:       It grants you flight.
 n - the ring "Bilyff" (left hand) {rC+ Will+ rCorr Int+2}
   (You acquired it on level 5 of the Dungeon)

   [ring of resist corrosion]

   Int:       It affects your intelligence (+2).
   rC:        It protects you from cold.
   rCorr:     It protects you from acid and corrosion.
   Will:      It increases your willpower.
 r - a ring of willpower
   (You found it on level 3 of the Depths)
 s - the ring "Kiagemp" {rF+ rCorr Str+2 Dex+5 SInv}
   (You found it on level 4 of the Shoals)

   [ring of resist corrosion]

   Str:       It affects your strength (+2).
   Dex:       It affects your dexterity (+5).
   rF:        It protects you from fire.
   SInv:      It lets you see invisible.
   rCorr:     It protects you from acid and corrosion.
 x - the necklace of Bloodlust {*Rage Will++ Int-3 Slay+6}
   (You found it on level 4 of the Depths)

   [amulet of nothing]

   It extends the wearer's berserk rage when killing foes.
   Int:       It affects your intelligence (-3).
   Slay:      It affects your accuracy & damage with ranged weapons and melee
   (+6).
   *Rage:     It berserks you when you make melee attacks (+50% chance).
   Will:      It greatly increases your willpower.
 K - an amulet of magic regeneration (around neck) {@e2}
   (You found it on level 4 of the Shoals)
 S - the ring "Zudukk" (right hand) {Wiz rPois}
   (You acquired it on level 5 of the Dungeon)

   [ring of wizardry]

   It improves your spell success rate.
   rPois:     It protects you from poison.
Wands
 b - a wand of roots (12)
   (You found it on level 5 of the Vaults)
 D - a wand of mindburst (9)
   (You found it on level 2 of the Snake Pit)
 H - a wand of acid (19)
   (You found it on level 2 of the Snake Pit)
 Y - a wand of paralysis (20)
   (You found it on level 14 of the Dungeon)
Scrolls
 e - 3 scrolls of poison {!r}
 h - 11 scrolls of immolation {!r!r}
 q - a scroll of vulnerability {!r!r}
 y - 3 scrolls of summoning
 C - 3 scrolls of blinking {!r}
 I - a scroll of enchant armour
 M - 5 scrolls of fog
 N - 2 scrolls of amnesia
 U - 3 scrolls of fear
 Z - 11 scrolls of teleportation {@r4}
Potions
 g - 7 potions of might
 j - 5 potions of cancellation
 k - 3 potions of flight
 t - 5 potions of brilliance
 u - 13 potions of heal wounds {@q2}
 w - 12 potions of attraction {!q}
 z - 23 potions of curing {@q1}
 A - 7 potions of resistance
 B - 2 potions of ambrosia
 E - a potion of magic
 G - 4 potions of lignification {!q}
 J - a potion of berserk rage {!q}
 O - 4 potions of invisibility
 V - a potion of haste {@q3}
 X - 7 potions of mutation {!q}
Miscellaneous
 m - a piece from Xom's chessboard (15/15)
   (You found it on level 9 of the Dungeon)
 o - a condenser vane
   (You found it on level 10 of the Dungeon)
 v - a tin of tremorstones (2/2) {throwing}
   (You found it on level 3 of the Shoals)
 L - a box of beasts
   (You found it on level 3 of the Snake Pit)
 T - a lightning rod (4/4)
   (You found it on level 2 of the Depths)
 W - a phial of floods
   (You found it in a wizard's laboratory)

Dungeon Overview and Level Annotations

Branches:
Dungeon (15/15)            Temple (0/1) D:7            Lair (5/5) D:11
 Shoals (4/4) Lair:2        Snake (4/4) Lair:3        Slime (0/5) Lair:4
    Orc (2/2) D:9             Elf (3/3) Orc:2        Vaults (5/5) D:13
  Crypt (0/3) Vaults:2     Depths (4/4) D:15            Zot (5/5) Depths:4
  IceCv (visited)          WizLab (visited)         Desolation (visited)
Gauntlet (visited)

Altars:
Ashenzari
Cheibriados
Dithmenos
Elyvilon
Fedhas
Gozag
Hepliaklqana
Kikubaaqudgha
Makhleb
Ru
Sif Muna
Uskayaw
Vehumet
Wu Jian
Xom
Yredelemnul
Zin
The Shining One

Shops:
D:5 !   D:7 (   Orc:2 ***[*   Elf:3 *   Shoals:2 ?   Snake:1 (   Snake:3 =::*
Vaults:5 (

Portals:
Hell: Depths:1 Depths:2 Depths:3 Depths:4
Pandemonium: Depths:1 Depths:2
Ziggurat: Depths:4

Annotations:
D:5 exclusion: black bear, Menkaure
D:15 Louise
Shoals:1 1 runed translucent door, Xiwoan's ghost, adept GnFi
Snake:4 Nikola
Elf:2 5 runed translucent doors
Vaults:4 2 transporters, Siling's ghost, adept DjFE
Zot:5 1 runed translucent door, exclusions: upstairs and wraith, Monuoraozee's ghost, legendary GnTm

).....##........⌠.........##.###.
...#####..................##.##..
....####..................##.##..
..........#####...#####...##.##..
#....##...#...#####...#...##.#...
#.....#...#.8.......8.#...##.#...
#.....#...#...........#..........
#.#.......###.......###...##.....
....#.##....#...@...#.....##.....
....#.##....#.......#.....#......
########....#.......#.....#......
# #....#.......#.....#...... #
#....#.......#.......>...# ######
#....###...###.....#...... .....#
#......#'''#.............# .....#
#..................#......
.....###.....♣.....♣............#


There were no monsters in sight!


Message History

You feel yourself speed up.
There is a stone staircase leading up here.
You climb upwards.
There is a stone staircase leading down here.
(D) Dungeon (T) Temple (L) Lair (A) Shoals (P) Snake Pit (M) Slime Pits (O) Orcish Mines (E) Elven Halls (V) Vaults (C) Crypt (U) Depths (H) Hell (Z) Zot
Where to? (Enter - D:1, ? - help)
What level of the Dungeon? (default 1, ? - help)
There is a stone staircase leading up here.
You climb upwards.
Level annotation: exclusion: black bear, Menkaure
There is a stone staircase leading down here.
You open the door.
There is an open door here.
Your extra speed is starting to run out.
There is a stone staircase leading up here.
You climb upwards.
There is a stone staircase leading down here.
You feel yourself slow down.
There is a stone staircase leading up here.
You climb upwards.
A hell beast comes into view.
There is a stone staircase leading down here.
Unknown command.
Unknown command.
Casting: Haunt (mildly dangerous; 1% risk of failure)
Confirm with . or Enter, or press ? or * to list all spells.
Aiming: Haunt (mildly dangerous; 1% risk of failure)
Press: ? - help, Dir - move target, f - hell beast
Aim: a hell beast Insubstantial figures form in the air.
The hell beast closely misses your wraith.
The hell beast tramples your wraith!
Your wraith is shoved backwards! 😎 MP[-6]
You lost 6 mp, and now have 31/37 mp.
The hell beast bites your wraith!! The hell beast tramples your wraith!
Your wraith is shoved backwards!
Your wraith is destroyed!
Your wraith disappears in a puff of smoke!
Your shadow wraith hits the hell beast!
Your shadow wraith drains the hell beast's vigour!
The hell beast seems to slow down.
The hell beast misses you.
The hell beast tramples you but does no damage.
Your phantasmal warrior gestures at the hell beast.
Your phantasmal warrior blinks!
Your shadow wraith hits the hell beast!
Your shadow wraith drains the hell beast's vigour!
The hell beast seems to slow down. 😎 MP[+1]
Casting: Haunt (mildly dangerous; 1% risk of failure)
Confirm with . or Enter, or press ? or * to list all spells.
Aiming: Iron Shot (mildly dangerous; 1% risk of failure)
Press: ? - help, Shift-Dir - straight line, f/p - hell beast
Aim: a hell beast (moderately wounded, slow, ally target, 64% to hit)
The iron shot hits the hell beast!!!
The hell beast barely misses you.
The hell beast closely misses you. 😎 MP[-5]
You lost 5 mp, and now have 27/37 mp.
You miss the hell beast.
You bite the hell beast, but do no damage.
You slash the hell beast!
You kill the hell beast!
Makhleb accepts your kill. 😎 MP[+1]
You swap places.
There is a stone staircase leading up here.
Your phantasmal warrior disappears in a puff of smoke!
Your wraith disappears in a puff of smoke!
Your shadow wraith disappears in a puff of smoke!
Your phantasmal warrior disappears in a puff of smoke!
You climb upwards.
Your summoned ally is left behind.
There is a stone staircase leading down here. 😎 MP[+2]
You regained 2 mp, and now have 30/37 mp.
(D) Dungeon (T) Temple (L) Lair (A) Shoals (P) Snake Pit (M) Slime Pits (O) Orcish Mines (E) Elven Halls (V) Vaults (C) Crypt (U) Depths (H) Hell (Z) Zot
Where to? (Enter - D:1, ? - help)
What level of the Dungeon? (default 1, ? - help)
There is a stone staircase leading up here.
You climb upwards.
There is a stone staircase leading down here. 😎 MP[+7]
Your mp is fully restored (37).
A cherub comes into view.
It is wielding a +3 long sword of flaming.
The cherub unwields a +3 long sword of flaming.
It stops flaming.
The cherub wields a +0 shortbow.
The cherub shoots an arrow.
The arrow hits you.
There is an open gate here. 😕 HP[-1]
You take 1 damage, and now have 223/224 hp.
Really read
C - 4 scrolls of blinking {!r}?
Blink to where?
Press: ? - help, Dir - move target
As you read the scroll of blinking {!r}, it crumbles to dust.
You have escaped!

Skill      XL: |  1  2  3  4  5  6  7  8  9 10 11 12 13 14 15 16 17 18 19 20 21 22 23 24 25 26 27 |
---------------+----------------------------------------------------------------------------------+-----
Invocations    | 1 2 3 4 5 6 7 8 10 11 12 13 14 15 16 17 18 19 20 | 20.7
Short Blades   | 1 2 3 4 5 6 7 8 9 10 11 12 13 14 15 16 17 18 19 | 19.2
Long Blades    | 1 2 3 4 5 6 7 8 9 10 11 12 13 14 15 16 17 18 19 | 19.2
Axes           | 1 2 3 4 5 6 7 8 9 10 11 12 13 14 15 16 17 18 19 | 19.2
Polearms       | 1 2 3 4 5 6 7 8 9 10 11 12 13 14 15 16 17 18 19 | 19.2
Staves         | 1 2 3 4 5 6 7 8 9 10 11 12 13 14 15 16 17 18 19 | 19.2
Ranged Weapons | 1 2 3 4 5 6 7 8 9 10 11 12 13 14 15 16 17 18 19 | 19.2
Armour         | 1 2 3 4 5 6 7 8 9 10 11 12 13 14 15 16 17 18 19 | 19.2
Dodging        | 1 2 3 4 5 6 7 8 9 10 11 12 13 14 15 16 17 19 20 | 20.2
Stealth        | 1 2 3 4 5 6 7 8 9 10 11 12 13 14 15 16 17 18 19 | 19.2
Shields        | 1 2 3 4 5 6 7 8 9 10 11 12 13 14 15 16 17 18 19 | 19.2
Unarmed Combat | 1 2 3 4 5 6 7 8 9 10 11 12 13 14 15 16 17 18 19 | 19.2
Spellcasting   | 3 4 5 6 7 8 9 10 11 12 13 14 15 16 17 18 19 | 19.4
Hexes          | 1 2 3 4 5 6 7 8 9 10 11 12 13 14 15 16 | 16.3
Summonings     | 1 2 3 4 5 6 7 8 9 10 11 12 13 14 15 16 | 16.3
Necromancy     | 1 2 3 4 5 6 7 8 9 10 11 12 13 14 15 16 | 16.3
Translocations | 1 2 3 4 5 6 7 8 9 10 11 12 13 14 15 16 | 16.3
Transmutations | 1 2 3 4 5 6 7 8 9 10 11 12 13 14 15 16 | 16.3
Fire Magic     | 1 2 3 4 5 6 7 8 9 10 11 12 13 14 15 16 | 16.3
Ice Magic      | 1 2 3 4 5 6 7 8 9 10 11 12 13 14 15 16 | 16.3
Air Magic      | 1 2 3 4 5 6 7 8 9 10 11 12 13 14 15 16 | 16.3
Earth Magic    | 1 2 3 4 5 6 7 8 9 10 11 12 13 14 15 16 | 16.3
Poison Magic   | 1 2 3 4 5 6 7 8 9 10 11 12 13 14 15 16 | 16.3
Throwing       | 3 4 5 6 7 8 9 10 11 12 13 14 15 16 17 18 19 20 | 20.9
Conjurations   | 4 5 6 7 8 9 10 11 12 13 14 15 16 | 16.8
Evocations     | 3 4 5 6 7 8 9 10 11 12 13 14 15 16 17 18 19 | 19.3
Maces & Flails | 5 6 7 8 9 10 11 12 13 14 15 16 17 18 19 | 19.6
Fighting       | 7 8 9 10 11 12 13 14 15 16 17 18 19 20 | 20.1

Action                   |  1- 3 |  4- 6 |  7- 9 | 10-12 | 13-15 | 16-18 | 19-21 | 22-24 | 25-27 || total
-------------------------+-------+-------+-------+-------+-------+-------+-------+-------+-------++-------
Melee: Mace              |    28 |   116 |    11 |       |       |       |       |       |       ||   155
       Punch             |     1 |       |     9 |    16 |    30 |       |       |       |       ||    56
       Bite              |       |     6 |    24 |    34 |    59 |     2 |       |    95 |   100 ||   320
       Short sword       |       |       |    36 |       |       |       |       |       |       ||    36
       Whip              |       |       |   224 |   230 |       |       |       |       |       ||   454
       Halberd           |       |       |     6 |       |       |       |       |       |       ||     6
       Staff             |       |       |       |    11 |       |       |       |       |       ||    11
       Demon whip        |       |       |       |    42 |    37 |       |       |       |       ||    79
       Hand axe          |       |       |       |       |    81 |       |       |       |       ||    81
       Headbutt          |       |       |       |       |    92 |     3 |       |       |       ||    95
       Falchion          |       |       |       |       |   276 |     6 |       |       |       ||   282
       Demon blade       |       |       |       |       |       |       |       |   475 |   125 ||   600
       Triple sword      |       |       |       |       |       |       |       |       |   342 ||   342
 Fire: Sling             |       |       |       |       |   147 |   891 |   488 |   148 |       ||  1674
Throw: Dart              |       |    23 |     4 |     8 |       |       |       |       |       ||    35
       Throwing net      |       |       |     2 |       |       |       |       |       |       ||     2
       Stone             |       |       |     1 |       |       |       |       |       |       ||     1
 Cast: Shock             |    66 |    50 |    84 |   183 |    16 |       |       |       |       ||   399
       Static Discharge  |       |     1 |     6 |    32 |       |       |       |       |       ||    39
       Mephitic Cloud    |       |       |     5 |    15 |     6 |       |       |       |       ||    26
       Poisonous Vapours |       |       |       |    35 |    30 |       |       |       |       ||    65
       Cigotuvi's Dreadf |       |       |       |     1 |       |       |       |       |       ||     1
       Freezing Cloud    |       |       |       |    28 |   136 |   171 |    59 |    55 |    14 ||   463
       Borgnjor's Vile C |       |       |       |       |    11 |    71 |    41 |    40 |     7 ||   170
       Starburst         |       |       |       |       |     6 |    25 |       |       |       ||    31
       Eringya's Noxious |       |       |       |       |     5 |    21 |    16 |    15 |       ||    57
       Haunt             |       |       |       |       |       |    22 |   139 |   115 |   124 ||   400
       Animate Dead      |       |       |       |       |       |     7 |    16 |    17 |    16 ||    56
       Statue Form       |       |       |       |       |       |       |     2 |       |       ||     2
       Iron Shot         |       |       |       |       |       |       |    84 |   211 |    83 ||   378
       Spellforged Servi |       |       |       |       |       |       |     9 |    35 |    25 ||    69
       Death Channel     |       |       |       |       |       |       |       |    15 |    21 ||    36
       Irradiate         |       |       |       |       |       |       |       |     7 |       ||     7
       Malign Gateway    |       |       |       |       |       |       |       |       |    14 ||    14
Invok: Lesser Servant of |       |       |     2 |    12 |    16 |     6 |     3 |     1 |       ||    40
       Major Destruction |       |       |       |       |    16 |    15 |       |       |       ||    31
       Greater Servant o |       |       |       |       |       |     5 |     5 |     4 |    16 ||    30
Evoke: Condenser vane    |       |       |       |     1 |     3 |     3 |     2 |     4 |     6 ||    19
       Wand              |       |       |       |     1 |     2 |     1 |     3 |       |       ||     7
       Box of beasts     |       |       |       |       |       |     2 |     4 |     4 |     5 ||    15
       Tin of tremorston |       |       |       |       |       |       |     2 |     2 |       ||     4
       Phial of floods   |       |       |       |       |       |       |     1 |     1 |       ||     2
       Lightning rod     |       |       |       |       |       |       |       |     7 |     2 ||     9
  Use: Scroll            |       |       |    14 |    18 |    11 |    10 |     7 |     8 |    21 ||    89
       Potion            |       |       |     2 |       |     3 |       |     8 |     1 |    30 ||    44
 Stab: Confused          |       |       |     4 |     8 |     1 |       |       |       |       ||    13
       Distracted        |       |       |       |     1 |     3 |       |       |    19 |    26 ||    49
       Sleeping          |       |       |       |       |     3 |       |       |     3 |     3 ||     9
Armor: Robe              |     5 |       |       |       |       |       |    28 |       |       ||    33
       Ring mail         |    14 |    76 |    88 |   145 |    39 |       |       |       |       ||   362
       Skin              |       |       |    33 |       |       |       |     3 |       |       ||    36
       Acid dragon scale |       |       |       |       |   136 |   166 |     5 |       |       ||   307
       Troll leather arm |       |       |       |       |       |       |    32 |   182 |   135 ||   349
       Quicksilver drago |       |       |       |       |       |       |       |       |    73 ||    73
Dodge: Dodged            |    20 |    91 |    99 |   187 |   251 |   305 |   168 |   355 |   414 ||  1890
Block: Buckler           |       |       |       |       |       |   196 |   117 |   252 |    34 ||   599

Levels and vault maps discovered:
D:1:      wander_arrival_estate, layout_basic, ebering_ecumenical_altar_hall,
          minmay_shallow_snake_nest
D:2:      layout_loops_ring, basic_altar
D:3:      layout_loops_ring, minitemple
D:4:      layout_rooms, yredelemnul_altar_generic, guppyfry_early_lair_pool
D:5:      layout_loops_corners, grunt_temple_overflow_order_and_chaos_1,
          nicolae_overflow_hidden_temple, serial_shops,
          nicolae_shop_temple_entry_statues_fountains, serial_glass,
          glass_columns_c, glass_columns_a, uniq_menkaure
D:6:      layout_rooms, tso_altar
D:7:      layout_basic, dancing_weapons_uskayaw,
          minmay_temple_entry_antechambers, serial_shops, shop,
          minmay_misc_feat_rugged
D:8:      layout_loops_ring, kennysheep_pointless_box, uniq_erica
D:9:      layout_roguey, david_orc_1_choice
D:10:     layout_loops_ring, tgw_sif, kennysheep_slug_shrine, glass_columns_a
D:11:     layout_basic, due_lair_maze_entry_diamond, minmay_misc_feat_hallway,
          nicolae_underground_beach
D:12:     layout_loops_corners, minivault_25, grunt_decor_fettered
D:13:     layout_stronghold, grunt_vaults_entry_fortified
D:14:     minmay_guarded_unrand_sword_of_power, layout_rooms,
          chequers_decorated_corner, uniq_frances
D:15:     grunt_enter_depths_hoard, layout_cave_pools,
          portal_ice_cave_entry_pillars_1, minmay_misc_feat_enclosed,
          uniq_louise
Lair:1:   layout_cave_pods, uniq_amaemon
Lair:2:   layout_cave_pods, elwin_shoals_entry_stream
Lair:3:   layout_big_grid, minmay_snake_entry_spellcaster, serial_forest,
          infiniplex_forest_straight_3, infiniplex_forest_clump_cross,
          infiniplex_forest_lined_3, infiniplex_forest_end_3,
          infiniplex_forest_end_double, infiniplex_forest_corner_1,
          chequers_serial_rivers_large_a, hangedman_tree_tricks,
          roderic_carrion_pond, uniq_gastronok
Lair:4:   gammafunk_mikee_crab_dinner, layout_regular_city, slime_entry_1,
          gauntlet_entry_generic, kennysheep_rathole
Lair:5:   wormcave, layout_cave_shapes, hangedman_lair_in_review, pond,
          uniq_kirke
Shoals:1: layout_shoals, ebering_ghost_xom
Shoals:2: layout_shoals, serial_shops, nicolae_diamond_shop,
          nicolae_shoals_water_booths, uniq_polyphemus
Shoals:3: layout_shoals, uniq_ilsuiw
Shoals:4: shoals_end_simple, layout_shoals, serial_shops, bzr_entry_road,
          nicolae_splish_splash
Snake:1:  layout_onion_interference, serial_shops, nicolae_shop_hallway_stairs,
          grunt_ministairs_15, abandoned_shop
Snake:2:  layout_layer_cave, nicolae_integral_box, uniq_saint_roka, uniq_aizul
Snake:3:  layout_rooms, ebering_ghost_gozag, nicolae_triple_integral,
          minmay_shop_grove
Snake:4:  grunt_snake_rune_serpentine_throne, layout_cave_town,
          serial_bayou_shore_a, uniq_vashnia, uniq_mlioglotl, uniq_nikola,
          uniq_roxanne
Orc:1:    layout_caves, nicolae_orc_damp_corner, nicolae_orc_lost_temple
Orc:2:    st_orc_elflike, layout_caves, serial_shops, nicolae_shop_crystal,
          mines2_lemuel
Elf:1:    eino_elf_arrival_the_gate, layout_onion_city,
          portal_desolation_entry_ruin, minmay_elf_annihilation,
          lemuel_upstairs_altar, uniq_donald
Elf:2:    elven_hall_of_blades_hangedman_alternative
          [nicolae_blade_entry_crossed_weapons], layout_geoelf_octagon,
          nicolae_elf_variegated_diamond
Elf:3:    minmay_elf_hall_spiked, layout_loops_corners, serial_shops,
          nicolae_shop_statue_plus
Vaults:1: mu_enter_wizlab_4, ontoclasm_vaults_chip,
          nicolae_vaults_halls_meeting, grunt_vaults_funnel,
          hangedman_vaults_corner_blocks, vaults_mumra_hexcomb,
          ontoclasm_vaults_twist, vaults_room_corners, v_misc_3,
          grunt_vaults_diagonal, nicolae_vaults_little_squares_3,
          nicolae_vaults_shelves_hall, nicolae_vaults_alarming,
          layout_vaults_ring
Vaults:2: vaults_dpeg_spiral, vaults_mumra_lcd, minmay_crypt_entry_necro_gods,
          grunt_tower_of_power, v_misc_22, nicolae_vaults_rhombus_6,
          ontoclasm_vaults_claustrophobia, ontoclasm_vaults_bender,
          grunt_vaults_twisty, layout_vaults_omnicross, uniq_xtahua
Vaults:3: gammafunk_ghost_tricky_traps, nicolae_vaults_network_periphery,
          nicolae_vaults_puzzle_piece, hangedman_vaults_hard_town_square,
          nicolae_vaults_what_the_h, hangedman_vaults_corner_blocks,
          vaults_room_fours, layout_vaults_chaotic_city, uniq_margery,
          uniq_frederick
Vaults:4: gammafunk_ghost_smash, nicolae_vaults_angled_halls, v_misc_5,
          nicolae_vaults_asterisk, nicolae_vaults_network_quinsquares
          [nicolae_vaults_network_quincunx_subvault,
          nicolae_vaults_network_quincunx_subvault,
          nicolae_vaults_network_quincunx_subvault,
          nicolae_vaults_network_quincunx_subvault], v_pattern_2,
          ontoclasm_vaults_ring_large, ontoclasm_vaults_gateway,
          vaults_dpeg_doors, v_misc_27, vaults_room_corners,
          hangedman_vaults_maws, nicolae_vaults_rhombus_5, vaults_room_hallway,
          nicolae_vaults_little_squares_2, nicolae_vaults_little_squares_4,
          layout_vaults_omnibox, nicolae_trove_entry_path_of_doom
Vaults:5: serial_shops
Depths:1: layout_roguey, hell_entry, grunt_pan_entry_spiral,
          minmay_misc_feat_nine_boxes, lemuel_freeze_loot_1,
          serial_bayou_shore_b, uniq_asterion
Depths:2: dreamdust_experimentation, layout_cave_shapes, rand_demon_pan_entry_3,
          hell_entry, nicolae_ashenzari_panopticon, kennysheep_nub,
          infiniplex_staircase_pool_2
Depths:3: minmay_quantized_circle, layout_basic, small_statue_intersection,
          marbit_kobold_abyss_entry, hell_entry, chequers_serial_rivers_room_a
Depths:4: grunt_zot_entry_pinwheel, layout_basic, enter_ziggurat_a,
          ebering_ghost_disaster_area, patterned_corridor, lightli_too_deep,
          roderic_lattice_a, fedhas_altar_1
Zot:1:    layout_twisted_circle
Zot:2:    minmay_elemental_castle, layout_misc_corridors
Zot:3:    kennysheep_bubbly, layout_basic
Zot:4:    layout_basic
Zot:5:    layout_twisted_circle, gammafunk_ghost_grave

Notes
Turn   | Place    | Note
-------+----------+-------------------------------------------
     0 | D:1      | MackTheKnife the Gnoll Wanderer began the quest for the
                  | Orb.
     0 | D:1      | MackTheKnife set off with the following items: a +1 mace
                  | {mace}, a scroll of teleportation {@r4}, a +0 robe; and the
                  | following spells available to memorise: Foxfire, Shock,
                  | Static Discharge.
     0 | D:1      | Reached XP level 1. HP: 23/23 MP: 4/4
     0 | D:1      | magus.rc [v1.9.6]
     5 | D:1      | Learned a level 1 spell: Shock
   114 | D:1      | You fall into a shaft and drop 1 floor!
   190 | D:2      | Found a basalt altar of Yredelemnul.
   408 | D:2      | Reached XP level 2. HP: 29/29 MP: 3/5
   872 | D:2      | Reached XP level 3. HP: 33/35 MP: 5/7
  1121 | D:1      | Reached skill level 1 in Invocations
  1204 | D:1      | Found a faded altar of an unknown god.
  1303 | D:1      | Prayed at the altar of an unknown god.
  1303 | D:1      | Became a worshipper of Makhleb the Destroyer
  1303 | D:1      | Reached * piety under Makhleb
  1690 | D:2      | Reached skill level 1 in Short Blades
  1690 | D:2      | Reached skill level 1 in Long Blades
  1690 | D:2      | Reached skill level 1 in Axes
  1690 | D:2      | Reached skill level 1 in Polearms
  1690 | D:2      | Reached skill level 1 in Staves
  1690 | D:2      | Reached skill level 1 in Ranged Weapons
  1690 | D:2      | Reached skill level 1 in Armour
  1690 | D:2      | Reached skill level 1 in Dodging
  1690 | D:2      | Reached skill level 1 in Stealth
  1690 | D:2      | Reached skill level 1 in Shields
  1690 | D:2      | Reached skill level 1 in Unarmed Combat
  2107 | D:3      | Reached skill level 3 in Spellcasting
  2107 | D:3      | Reached XP level 4. HP: 41/41 MP: 4/8
  2439 | D:3      | You pick up a book of Displacement and begin reading...
  2439 | D:3      | You add the spells Lesser Beckoning, Gell's Gravitas and
                  | Teleport Other to your library.
  2534 | D:3      | Found a sacrificial altar of Ru.
  2537 | D:3      | Found a hazy altar of Hepliaklqana.
  2539 | D:3      | Found a broken altar of Ashenzari.
  2540 | D:3      | Found a shadowy altar of Dithmenos.
  2782 | D:4      | Reached skill level 1 in Hexes
  2782 | D:4      | Reached skill level 1 in Summonings
  2782 | D:4      | Reached skill level 1 in Necromancy
  2782 | D:4      | Reached skill level 1 in Translocations
  2782 | D:4      | Reached skill level 1 in Transmutations
  2782 | D:4      | Reached skill level 1 in Fire Magic
  2782 | D:4      | Reached skill level 1 in Ice Magic
  2782 | D:4      | Reached skill level 1 in Air Magic
  2782 | D:4      | Reached skill level 1 in Earth Magic
  2782 | D:4      | Reached skill level 1 in Poison Magic
  2884 | D:4      | Reached ** piety under Makhleb
  2931 | D:4      | Reached XP level 5. HP: 40/47 MP: 1/9
  3117 | D:4      | Noticed a phantom
  3122 | D:4      | Learned a level 2 spell: Static Discharge
  3126 | D:4      | Noticed a black bear
  3142 | D:5      | Entered Level 5 of the Dungeon
  3152 | D:5      | Killed a phantom
  3153 | D:5      | Reached skill level 3 in Throwing
  3153 | D:5      | Reached skill level 4 in Conjurations
  3153 | D:5      | Reached skill level 3 in Evocations
  3193 | D:5      | Reached skill level 2 in Invocations
  3243 | D:5      | Noticed an orc warrior
  3413 | D:4      | Reached XP level 6. HP: 53/53 MP: 9/11
  3475 | D:4      | Reached skill level 2 in Short Blades
  3475 | D:4      | Reached skill level 2 in Long Blades
  3475 | D:4      | Reached skill level 2 in Axes
  3475 | D:4      | Reached skill level 5 in Maces & Flails
  3475 | D:4      | Reached skill level 2 in Polearms
  3475 | D:4      | Reached skill level 2 in Staves
  3475 | D:4      | Reached skill level 2 in Ranged Weapons
  3475 | D:4      | Reached skill level 2 in Armour
  3475 | D:4      | Reached skill level 2 in Dodging
  3475 | D:4      | Reached skill level 2 in Stealth
  3475 | D:4      | Reached skill level 2 in Shields
  3475 | D:4      | Reached skill level 2 in Unarmed Combat
  3599 | D:4      | Killed a black bear
  3793 | D:4      | Found a basalt altar of Yredelemnul.
  3910 | D:4      | Reached skill level 7 in Fighting
  3910 | D:4      | Reached XP level 7. HP: 34/60 MP: 5/12
  4231 | D:4      | Reached skill level 2 in Hexes
  4231 | D:4      | Reached skill level 2 in Summonings
  4231 | D:4      | Reached skill level 2 in Necromancy
  4231 | D:4      | Reached skill level 2 in Translocations
  4231 | D:4      | Reached skill level 2 in Transmutations
  4231 | D:4      | Reached skill level 2 in Fire Magic
  4231 | D:4      | Reached skill level 2 in Ice Magic
  4231 | D:4      | Reached skill level 2 in Air Magic
  4231 | D:4      | Reached skill level 2 in Earth Magic
  4231 | D:4      | Reached skill level 2 in Poison Magic
  4430 | D:5      | Found Imiugesh's Distillery.
  4437 | D:5      | Bought a potion of curing for 30 gold pieces
  4592 | D:5      | Reached skill level 3 in Invocations
  4630 | D:5      | Noticed Menkaure
  4683 | D:5      | Reached skill level 4 in Spellcasting
  4752 | D:5      | Found a shimmering altar of Xom.
  4752 | D:5      | Found a glowing silver altar of Zin.
  4752 | D:5      | Noticed an angel
  5028 | D:5      | Reached skill level 3 in Short Blades
  5028 | D:5      | Reached skill level 3 in Long Blades
  5028 | D:5      | Reached skill level 3 in Axes
  5028 | D:5      | Reached skill level 3 in Polearms
  5028 | D:5      | Reached skill level 3 in Staves
  5028 | D:5      | Reached skill level 3 in Ranged Weapons
  5028 | D:5      | Reached skill level 4 in Throwing
  5028 | D:5      | Reached skill level 3 in Armour
  5028 | D:5      | Reached skill level 3 in Dodging
  5028 | D:5      | Reached skill level 3 in Stealth
  5028 | D:5      | Reached skill level 3 in Shields
  5028 | D:5      | Reached skill level 3 in Unarmed Combat
  5028 | D:5      | Reached skill level 4 in Evocations
  5028 | D:5      | Reached XP level 8. HP: 67/67 MP: 14/14
  5237 | D:6      | Identified 3 scrolls of acquirement
  5237 | D:6      | Acquired the +1 pair of boots of the Present {rF+}
  5246 | D:5      | Acquired the ring "Zudukk" {Wiz rPois}
  5249 | D:5      | Acquired the ring "Bilyff" {rC+ Will+ rCorr Int+2}
  5257 | D:5      | Learned a level 3 spell: Teleport Other
  5290 | D:5      | Found a radiant altar of Vehumet.
  5290 | D:5      | Found an ornate altar of the Wu Jian Council.
  5292 | D:5      | Found a white marble altar of Elyvilon.
  5328 | D:6      | Found a glowing golden altar of the Shining One.
  5461 | D:6      | Noticed a yak
  5461 | D:6      | Noticed a yak
  5461 | D:6      | Noticed a yak
  5468 | D:6      | Noticed a yak
  5469 | D:6      | Noticed a yak
  5469 | D:6      | Noticed a yak
  5477 | D:6      | Killed a yak
  5498 | D:6      | Killed a yak
  5524 | D:6      | Killed a yak
  5555 | D:6      | Killed a yak
  5556 | D:6      | Reached skill level 6 in Maces & Flails
  5556 | D:6      | Reached skill level 3 in Hexes
  5556 | D:6      | Reached skill level 3 in Summonings
  5556 | D:6      | Reached skill level 3 in Necromancy
  5556 | D:6      | Reached skill level 3 in Translocations
  5556 | D:6      | Reached skill level 3 in Transmutations
  5556 | D:6      | Reached skill level 3 in Fire Magic
  5556 | D:6      | Reached skill level 3 in Ice Magic
  5556 | D:6      | Reached skill level 3 in Air Magic
  5556 | D:6      | Reached skill level 3 in Earth Magic
  5556 | D:6      | Reached skill level 3 in Poison Magic
  5556 | D:6      | Reached skill level 4 in Invocations
  5558 | D:6      | Killed a yak
  5559 | D:6      | Reached skill level 5 in Conjurations
  5560 | D:6      | Killed a yak
  5561 | D:6      | Reached skill level 4 in Short Blades
  5561 | D:6      | Reached skill level 4 in Long Blades
  5561 | D:6      | Reached skill level 4 in Axes
  5561 | D:6      | Reached skill level 4 in Polearms
  5561 | D:6      | Reached skill level 4 in Staves
  5561 | D:6      | Reached skill level 4 in Ranged Weapons
  5561 | D:6      | Reached skill level 4 in Armour
  5561 | D:6      | Reached skill level 4 in Dodging
  5561 | D:6      | Reached skill level 4 in Stealth
  5561 | D:6      | Reached skill level 4 in Shields
  5561 | D:6      | Reached skill level 4 in Unarmed Combat
  5561 | D:6      | Reached skill level 5 in Spellcasting
  5561 | D:6      | Reached XP level 9. HP: 71/74 MP: 14/16
  6044 | D:6      | Reached skill level 5 in Throwing
  6044 | D:6      | Reached skill level 5 in Evocations
  6110 | D:6      | Found the +1 Delatra's gloves {ID++}
  6156 | D:6      | You pick up a book of Vapours and begin reading...
  6156 | D:6      | You add the spells Poisonous Vapours, Cigotuvi's Dreadful
                  | Rot and Mephitic Cloud to your library.
  6161 | D:6      | Learned a level 3 spell: Mephitic Cloud
  6251 | D:7      | Reached *** piety under Makhleb
  6394 | D:7      | Found a staircase to the Ecumenical Temple.
  6622 | D:7      | Found a hide-covered altar of Uskayaw.
  6623 | D:7      | Noticed a +0 hand axe
  6623 | D:7      | Noticed a +0 dagger
  6702 | D:7      | Found Kukkea's Weapon Shoppe.
  6847 | D:7      | Reached skill level 8 in Fighting
  6972 | D:7      | Reached skill level 5 in Invocations
  7068 | D:8      | Noticed a two-headed ogre
  7081 | D:8      | Noticed Erica
  7084 | D:8      | Killed a two-headed ogre
  7085 | D:8      | Reached skill level 4 in Hexes
  7085 | D:8      | Reached skill level 4 in Summonings
  7085 | D:8      | Reached skill level 4 in Necromancy
  7085 | D:8      | Reached skill level 4 in Translocations
  7085 | D:8      | Reached skill level 4 in Transmutations
  7085 | D:8      | Reached skill level 4 in Fire Magic
  7085 | D:8      | Reached skill level 4 in Ice Magic
  7085 | D:8      | Reached skill level 4 in Air Magic
  7085 | D:8      | Reached skill level 4 in Earth Magic
  7085 | D:8      | Reached skill level 4 in Poison Magic
  7104 | D:8      | Killed Erica
  7105 | D:8      | Reached skill level 5 in Short Blades
  7105 | D:8      | Reached skill level 5 in Long Blades
  7105 | D:8      | Reached skill level 5 in Axes
  7105 | D:8      | Reached skill level 7 in Maces & Flails
  7105 | D:8      | Reached skill level 5 in Polearms
  7105 | D:8      | Reached skill level 5 in Staves
  7105 | D:8      | Reached skill level 5 in Ranged Weapons
  7105 | D:8      | Reached skill level 5 in Armour
  7105 | D:8      | Reached skill level 5 in Dodging
  7105 | D:8      | Reached skill level 5 in Stealth
  7105 | D:8      | Reached skill level 5 in Shields
  7105 | D:8      | Reached skill level 5 in Unarmed Combat
  7105 | D:8      | Reached skill level 6 in Spellcasting
  7105 | D:8      | Reached XP level 10. HP: 69/82 MP: 7/19
  7388 | D:8      | Learned a level 2 spell: Poisonous Vapours
  7633 | D:8      | Reached skill level 6 in Throwing
  7633 | D:8      | Reached skill level 6 in Evocations
  8136 | D:9      | Reached skill level 6 in Conjurations
  8136 | D:9      | Reached skill level 6 in Invocations
  8409 | D:9      | Found a staircase to the Orcish Mines.
  8579 | D:9      | Identified the +9 bardiche of Shame {freeze, Int+4}
  9097 | D:9      | Search for what [Enter for "weapon", or ? for help]?
                  | weapon&&rare
  9097 | D:9      | Search for what [Enter for "weapon&&rare", or ? for help]?
  9097 | D:9      | Search for what [Enter for "weapon&&rare", or ? for help]?
  9097 | D:9      | Search for what [Enter for "weapon&&rare", or ? for help]?
                  | weapon
  9116 | D:10     | Entered Level 10 of the Dungeon
  9182 | D:10     | Noticed a two-headed ogre
  9199 | D:10     | Killed a two-headed ogre
  9471 | D:10     | Reached skill level 9 in Fighting
  9568 | D:10     | Found a snail-covered altar of Cheibriados.
  9660 | D:10     | Reached skill level 6 in Short Blades
  9660 | D:10     | Reached skill level 6 in Long Blades
  9660 | D:10     | Reached skill level 6 in Axes
  9660 | D:10     | Reached skill level 6 in Polearms
  9660 | D:10     | Reached skill level 6 in Staves
  9660 | D:10     | Reached skill level 6 in Ranged Weapons
  9660 | D:10     | Reached skill level 6 in Armour
  9660 | D:10     | Reached skill level 6 in Dodging
  9660 | D:10     | Reached skill level 6 in Stealth
  9660 | D:10     | Reached skill level 6 in Shields
  9660 | D:10     | Reached skill level 6 in Unarmed Combat
  9733 | D:10     | Reached skill level 5 in Hexes
  9733 | D:10     | Reached skill level 5 in Summonings
  9733 | D:10     | Reached skill level 5 in Necromancy
  9733 | D:10     | Reached skill level 5 in Translocations
  9733 | D:10     | Reached skill level 5 in Transmutations
  9733 | D:10     | Reached skill level 5 in Fire Magic
  9733 | D:10     | Reached skill level 5 in Ice Magic
  9733 | D:10     | Reached skill level 5 in Air Magic
  9733 | D:10     | Reached skill level 5 in Earth Magic
  9733 | D:10     | Reached skill level 5 in Poison Magic
  9733 | D:10     | Reached XP level 11. HP: 77/89 MP: 10/21
  9802 | D:10     | Reached **** piety under Makhleb
  9834 | D:10     | Found a shimmering blue altar of Sif Muna.
 10287 | D:10     | Noticed a two-headed ogre
 10288 | D:10     | Noticed a two-headed ogre
 10294 | D:10     | Killed a two-headed ogre
 10296 | D:10     | Killed a two-headed ogre
 10297 | D:10     | Reached skill level 7 in Spellcasting
 10629 | D:11     | Noticed a green ugly thing
 10637 | D:11     | Killed a green ugly thing
 10638 | D:11     | Reached skill level 7 in Invocations
 10652 | D:11     | Noticed a cyclops
 10660 | D:11     | Killed a cyclops
 10661 | D:11     | Reached skill level 8 in Maces & Flails
 10661 | D:11     | Reached skill level 7 in Throwing
 10661 | D:11     | Reached skill level 7 in Evocations
 10955 | D:11     | Found a staircase to the Lair.
 11239 | D:11     | Noticed a cyclops
 11322 | D:11     | Noticed a cyclops
 11340 | D:11     | Killed a cyclops
 11352 | D:11     | Reached skill level 7 in Conjurations
 11458 | D:11     | Identified the +0 robe of Intuition {Harm Dex+3}
 11852 | D:11     | Reached skill level 7 in Short Blades
 11852 | D:11     | Reached skill level 7 in Long Blades
 11852 | D:11     | Reached skill level 7 in Axes
 11852 | D:11     | Reached skill level 7 in Polearms
 11852 | D:11     | Reached skill level 7 in Staves
 11852 | D:11     | Reached skill level 7 in Ranged Weapons
 11852 | D:11     | Reached skill level 7 in Armour
 11852 | D:11     | Reached skill level 7 in Dodging
 11852 | D:11     | Reached skill level 7 in Stealth
 11852 | D:11     | Reached skill level 7 in Shields
 11852 | D:11     | Reached skill level 7 in Unarmed Combat
 11854 | Lair:1   | Entered Level 1 of the Lair of Beasts
 11945 | Lair:1   | Learned a level 2 spell: Cigotuvi's Dreadful Rot
 12013 | Lair:1   | Reached XP level 12. HP: 92/93 MP: 20/23
 12177 | Lair:1   | Reached skill level 6 in Hexes
 12177 | Lair:1   | Reached skill level 6 in Summonings
 12177 | Lair:1   | Reached skill level 6 in Necromancy
 12177 | Lair:1   | Reached skill level 6 in Translocations
 12177 | Lair:1   | Reached skill level 6 in Transmutations
 12177 | Lair:1   | Reached skill level 6 in Fire Magic
 12177 | Lair:1   | Reached skill level 6 in Ice Magic
 12177 | Lair:1   | Reached skill level 6 in Air Magic
 12177 | Lair:1   | Reached skill level 6 in Earth Magic
 12177 | Lair:1   | Reached skill level 6 in Poison Magic
 12339 | Lair:1   | Acquired the Discursus on Shapes and the Lungs
 12340 | Lair:1   | You add the spells Swiftness, Petrify, Freezing Cloud and
                  | Conjure Ball Lightning to your library.
 12347 | Lair:1   | Learned a level 5 spell: Freezing Cloud
 12429 | Lair:1   | Reached skill level 8 in Invocations
 12725 | Lair:1   | Noticed a death yak
 12875 | Lair:1   | Noticed a death yak
 12876 | Lair:1   | Noticed a death yak
 12881 | Lair:1   | Noticed a death yak
 12887 | Lair:1   | Reached skill level 8 in Spellcasting
 12890 | Lair:1   | Killed a death yak
 12891 | Lair:1   | Reached skill level 10 in Fighting
 12894 | Lair:1   | Killed a death yak
 12895 | Lair:1   | Reached skill level 8 in Throwing
 12895 | Lair:1   | Reached skill level 8 in Evocations
 12900 | Lair:1   | Killed a death yak
 12904 | Lair:1   | Killed a death yak
 12905 | Lair:1   | Reached skill level 9 in Maces & Flails
 13249 | Lair:1   | Noticed a catoblepas
 13262 | Lair:1   | Killed a catoblepas
 13420 | Lair:1   | Noticed Amaemon
 13428 | Lair:1   | Killed Amaemon
 14017 | Lair:2   | Reached skill level 8 in Short Blades
 14017 | Lair:2   | Reached skill level 8 in Long Blades
 14017 | Lair:2   | Reached skill level 8 in Axes
 14017 | Lair:2   | Reached skill level 8 in Polearms
 14017 | Lair:2   | Reached skill level 8 in Staves
 14017 | Lair:2   | Reached skill level 8 in Ranged Weapons
 14017 | Lair:2   | Reached skill level 8 in Armour
 14017 | Lair:2   | Reached skill level 8 in Dodging
 14017 | Lair:2   | Reached skill level 8 in Stealth
 14017 | Lair:2   | Reached skill level 8 in Shields
 14017 | Lair:2   | Reached skill level 8 in Unarmed Combat
 14328 | Lair:2   | Found a staircase to the Shoals.
 14385 | Lair:2   | You pick up a book of Rime and begin reading...
 14385 | Lair:2   | You add the spells Frozen Ramparts, Ice Form and Summon Ice
                  | Beast to your library.
 14642 | Lair:2   | Reached XP level 13. HP: 104/104 MP: 12/25
 14832 | Lair:2   | Reached skill level 9 in Invocations
 15175 | Lair:3   | Found a staircase to the Snake Pit.
 15190 | Lair:3   | Reached ***** piety under Makhleb
 15191 | Lair:3   | Reached skill level 8 in Conjurations
 15278 | Lair:3   | Identified the +10 hand axe "Cookie Cutter" {pain, rPois
                  | Will+ Dex-3}
 15378 | Lair:3   | Reached skill level 7 in Hexes
 15378 | Lair:3   | Reached skill level 7 in Summonings
 15378 | Lair:3   | Reached skill level 7 in Necromancy
 15378 | Lair:3   | Reached skill level 7 in Translocations
 15378 | Lair:3   | Reached skill level 7 in Transmutations
 15378 | Lair:3   | Reached skill level 7 in Fire Magic
 15378 | Lair:3   | Reached skill level 7 in Ice Magic
 15378 | Lair:3   | Reached skill level 7 in Air Magic
 15378 | Lair:3   | Reached skill level 7 in Earth Magic
 15378 | Lair:3   | Reached skill level 7 in Poison Magic
 15483 | Lair:3   | Noticed Gastronok
 15492 | Lair:3   | Killed Gastronok
 15493 | Lair:3   | Reached skill level 9 in Spellcasting
 15626 | Lair:3   | Gained mutation: You are covered in fur. (AC +1) [potion of
                  | mutation]
 15626 | Lair:3   | Gained mutation: You have a pair of small horns on your
                  | head. [potion of mutation]
 15916 | Lair:3   | Reached skill level 9 in Throwing
 15916 | Lair:3   | Reached skill level 9 in Evocations
 16210 | Lair:3   | Found a blossoming altar of Fedhas.
 16539 | Lair:4   | Identified the +6 scale mail of Dim Light {+Blink Regen+}
 16606 | Lair:4   | Found a gate leading to a gauntlet.
 16610 | Gauntlet | Entered a Gauntlet
 16610 | Gauntlet | Found a transporter.
 16610 | Gauntlet | Found a transporter.
 16701 | Gauntlet | Found a transporter.
 16703 | Gauntlet | Found a transporter.
 16710 | Gauntlet | Found a transporter.
 16712 | Gauntlet | Found a transporter.
 16720 | Gauntlet | Found a transporter.
 16738 | Gauntlet | Found a transporter.
 16745 | Gauntlet | Found a transporter.
 16747 | Gauntlet | Found a transporter.
 16757 | Gauntlet | Found a transporter.
 16760 | Gauntlet | Found a transporter.
 17200 | Gauntlet | Identified the +10 dire flail "Fuewn" {heavy, rPois rN+}
 17200 | Gauntlet | Noticed a minotaur
 17212 | Gauntlet | Killed a minotaur
 17213 | Gauntlet | Reached skill level 11 in Fighting
 17213 | Gauntlet | Reached skill level 10 in Maces & Flails
 17324 | Lair:4   | Found a staircase to the Slime Pits.
 17484 | Lair:4   | Found a runed translucent door.
 17672 | Lair:4   | Noticed an entropy weaver
 17678 | Lair:4   | HP: 22/106 [fire crab (6)]
 17877 | Lair:4   | Reached skill level 9 in Short Blades
 17877 | Lair:4   | Reached skill level 9 in Long Blades
 17877 | Lair:4   | Reached skill level 9 in Axes
 17877 | Lair:4   | Reached skill level 9 in Polearms
 17877 | Lair:4   | Reached skill level 9 in Staves
 17877 | Lair:4   | Reached skill level 9 in Ranged Weapons
 17877 | Lair:4   | Reached skill level 9 in Armour
 17877 | Lair:4   | Reached skill level 9 in Dodging
 17877 | Lair:4   | Reached skill level 9 in Stealth
 17877 | Lair:4   | Reached skill level 9 in Shields
 17877 | Lair:4   | Reached skill level 9 in Unarmed Combat
 18019 | Lair:4   | Identified the +7 falchion "Mecaurof" {drain, Dex+3}
 18318 | Lair:4   | Reached skill level 10 in Invocations
 18318 | Lair:4   | Reached XP level 14. HP: 88/113 MP: 17/27
 18768 | Lair:5   | Entered Level 5 of the Lair of Beasts
 18785 | Lair:4   | HP: 24/113 [black mamba (12)]
 18971 | Lair:5   | Noticed Kirke
 18980 | Lair:5   | Killed Kirke
 19254 | Lair:5   | Reached skill level 10 in Spellcasting
 19351 | Lair:5   | Reached skill level 8 in Hexes
 19351 | Lair:5   | Reached skill level 8 in Summonings
 19351 | Lair:5   | Reached skill level 8 in Necromancy
 19351 | Lair:5   | Reached skill level 8 in Translocations
 19351 | Lair:5   | Reached skill level 8 in Transmutations
 19351 | Lair:5   | Reached skill level 8 in Fire Magic
 19351 | Lair:5   | Reached skill level 8 in Ice Magic
 19351 | Lair:5   | Reached skill level 8 in Air Magic
 19351 | Lair:5   | Reached skill level 8 in Earth Magic
 19351 | Lair:5   | Reached skill level 8 in Poison Magic
 19357 | Lair:5   | Reached skill level 10 in Throwing
 19357 | Lair:5   | Reached skill level 9 in Conjurations
 19357 | Lair:5   | Reached skill level 10 in Evocations
 19546 | Lair:5   | You pick up a book of Vapours and begin reading...
 19988 | Lair:5   | Noticed a dire elephant
 20014 | Lair:5   | Killed a dire elephant
 20194 | Lair:5   | Noticed a dire elephant
 20212 | Lair:5   | Killed a dire elephant
 20213 | Lair:5   | Reached skill level 10 in Short Blades
 20213 | Lair:5   | Reached skill level 10 in Long Blades
 20213 | Lair:5   | Reached skill level 10 in Axes
 20213 | Lair:5   | Reached skill level 11 in Maces & Flails
 20213 | Lair:5   | Reached skill level 10 in Polearms
 20213 | Lair:5   | Reached skill level 10 in Staves
 20213 | Lair:5   | Reached skill level 10 in Ranged Weapons
 20213 | Lair:5   | Reached skill level 10 in Armour
 20213 | Lair:5   | Reached skill level 10 in Dodging
 20213 | Lair:5   | Reached skill level 10 in Stealth
 20213 | Lair:5   | Reached skill level 10 in Shields
 20213 | Lair:5   | Reached skill level 10 in Unarmed Combat
 20549 | Lair:5   | Found a runed translucent door.
 20671 | Lair:5   | Reached XP level 15. HP: 107/120 MP: 19/29
 20747 | Lair:5   | Reached skill level 11 in Invocations
 20763 | Lair:5   | Reached skill level 12 in Fighting
 20766 | Lair:5   | You pick up a book of the Warp and begin reading...
 20766 | Lair:5   | You add the spells Manifold Assault, Dispersal and
                  | Disjunction to your library.
 21265 | Orc:1    | Entered Level 1 of the Orcish Mines
 21646 | Orc:2    | Entered Level 2 of the Orcish Mines
 21853 | Orc:2    | Found Zilusm's General Store.
 21915 | Orc:2    | Noticed an orc warlord
 21934 | Orc:2    | Killed an orc warlord
 22260 | Orc:2    | Found a staircase to the Elven Halls.
 23225 | Orc:2    | Found Nuirap's Assorted Antiques.
 23225 | Orc:2    | Found Piuxept's Assorted Antiques.
 23317 | Orc:2    | Found Mefamp's Armour Shoppe.
 23320 | Orc:2    | Found Goox's General Store.
 23330 | Orc:2    | Bought a fuming golden potion for 18 gold pieces
 23345 | Orc:2    | Bought a +0 kite shield for 49 gold pieces
 23531 | Orc:2    | Bought Great Wizards, Vol. II for 456 gold pieces
 23531 | Orc:2    | You add the spells Alistair's Intoxication, Borgnjor's Vile
                  | Clutch and Eringya's Noxious Bog to your library.
 23531 | Orc:2    | Bought a scroll of summoning for 114 gold pieces
 23531 | Orc:2    | Bought a scroll of summoning for 114 gold pieces
 23545 | Orc:2    | Learned a level 6 spell: Eringya's Noxious Bog
 23551 | Orc:2    | Learned a level 5 spell: Borgnjor's Vile Clutch
 23663 | D:7      | Bought the +4 sling "Xomaplia" {drain, Fly rPois Int+2} for
                  | 562 gold pieces
 23855 | D:12     | Reached skill level 11 in Spellcasting
 24075 | D:12     | Reached ****** piety under Makhleb
 24496 | D:12     | Reached skill level 11 in Throwing
 24496 | D:12     | Reached skill level 11 in Evocations
 24649 | D:12     | Reached skill level 9 in Hexes
 24649 | D:12     | Reached skill level 9 in Summonings
 24649 | D:12     | Reached skill level 9 in Necromancy
 24649 | D:12     | Reached skill level 9 in Translocations
 24649 | D:12     | Reached skill level 9 in Transmutations
 24649 | D:12     | Reached skill level 9 in Fire Magic
 24649 | D:12     | Reached skill level 9 in Ice Magic
 24649 | D:12     | Reached skill level 9 in Air Magic
 24649 | D:12     | Reached skill level 9 in Earth Magic
 24649 | D:12     | Reached skill level 9 in Poison Magic
 25351 | D:13     | You pick up a book of Fire and begin reading...
 25351 | D:13     | You add the spells Fireball and Starburst to your library.
 25359 | D:13     | Learned a level 6 spell: Starburst
 26143 | D:13     | Found a gate to the Vaults.
 26150 | D:13     | Reached skill level 10 in Conjurations
 26206 | D:13     | Reached XP level 16. HP: 129/129 MP: 20/31
 26722 | D:14     | Reached skill level 11 in Short Blades
 26722 | D:14     | Reached skill level 11 in Long Blades
 26722 | D:14     | Reached skill level 11 in Axes
 26722 | D:14     | Reached skill level 11 in Polearms
 26722 | D:14     | Reached skill level 11 in Staves
 26722 | D:14     | Reached skill level 11 in Ranged Weapons
 26722 | D:14     | Reached skill level 11 in Armour
 26722 | D:14     | Reached skill level 11 in Dodging
 26722 | D:14     | Reached skill level 11 in Stealth
 26722 | D:14     | Reached skill level 11 in Shields
 26722 | D:14     | Reached skill level 11 in Unarmed Combat
 26843 | D:14     | Noticed Frances
 26855 | D:14     | Killed Frances
 26856 | D:14     | Reached skill level 12 in Invocations
 27094 | D:14     | Reached skill level 12 in Maces & Flails
 27357 | D:14     | Noticed a shadow dragon
 27517 | D:14     | Found the +9 sword of Power
 27641 | D:14     | Killed a shadow dragon
 27656 | D:14     | j - +0 shadow dragon scales {rare}
 27657 | D:14     | You drop +0 shadow dragon scales {rare}.
 27663 | D:14     | +0 shadow dragon scales {rare}; a shadow dragon corpse
 27670 | D:14     | +0 shadow dragon scales {rare}; a shadow dragon corpse
 27955 | D:15     | Entered Level 15 of the Dungeon
 27964 | D:15     | Reached skill level 13 in Fighting
 28075 | D:15     | Noticed Louise
 28089 | D:15     | Found a frozen archway.
 28098 | IceCv    | Entered an ice cave
 29448 | D:15     | Found a staircase to the Depths.
 29885 | Snake:1  | Entered Level 1 of the Snake Pit
 29890 | Snake:1  | You pick up a book of the Hunter and begin reading...
 29890 | Snake:1  | You add the spells Call Canine Familiar, Portal Projectile
                  | and Leda's Liquefaction to your library.
 30450 | Snake:1  | Found Kalonim's Antique Weapon Boutique.
 30481 | Snake:1  | Reached skill level 12 in Spellcasting
 30804 | Snake:2  | Noticed Saint Roka
 30820 | Snake:2  | Killed Saint Roka
 30821 | Snake:2  | Reached skill level 12 in Throwing
 30821 | Snake:2  | Reached skill level 12 in Evocations
 31202 | Snake:2  | Reached XP level 17. HP: 137/137 MP: 17/33
 31644 | Snake:2  | Reached skill level 10 in Hexes
 31644 | Snake:2  | Reached skill level 10 in Summonings
 31644 | Snake:2  | Reached skill level 10 in Necromancy
 31644 | Snake:2  | Reached skill level 10 in Translocations
 31644 | Snake:2  | Reached skill level 10 in Transmutations
 31644 | Snake:2  | Reached skill level 10 in Fire Magic
 31644 | Snake:2  | Reached skill level 10 in Ice Magic
 31644 | Snake:2  | Reached skill level 10 in Air Magic
 31644 | Snake:2  | Reached skill level 10 in Earth Magic
 31644 | Snake:2  | Reached skill level 10 in Poison Magic
 32049 | Snake:2  | Noticed Aizul
 32059 | Snake:2  | Killed Aizul
 32869 | Snake:3  | Reached skill level 13 in Invocations
 32890 | Snake:3  | Reached skill level 12 in Short Blades
 32890 | Snake:3  | Reached skill level 12 in Long Blades
 32890 | Snake:3  | Reached skill level 12 in Axes
 32890 | Snake:3  | Reached skill level 12 in Polearms
 32890 | Snake:3  | Reached skill level 12 in Staves
 32890 | Snake:3  | Reached skill level 12 in Ranged Weapons
 32890 | Snake:3  | Reached skill level 12 in Armour
 32890 | Snake:3  | Reached skill level 12 in Dodging
 32890 | Snake:3  | Reached skill level 12 in Stealth
 32890 | Snake:3  | Reached skill level 12 in Shields
 32890 | Snake:3  | Reached skill level 12 in Unarmed Combat
 33280 | Snake:3  | Found a runed translucent gate.
 33283 | Snake:3  | Found a runed translucent gate.
 33283 | Snake:3  | Found a runed translucent gate.
 33284 | Snake:3  | Found an opulent altar of Gozag.
 33284 | Snake:3  | Found Efaurrid's Assorted Antiques.
 33285 | Snake:3  | Noticed p0werm0de's ghost (adept MeCK)
 33474 | Snake:3  | You add the spells Kindle Blastsparks and Ignite Poison to
                  | your library.
 33575 | Snake:3  | Killed p0werm0de's ghost
 33576 | Snake:3  | Reached skill level 11 in Conjurations
 34007 | Snake:3  | Found Xiluk's Book Shop.
 34008 | Snake:3  | Found Jelame's Jewellery Shoppe.
 34009 | Snake:3  | Found Ushros's Book Shop.
 34028 | Snake:3  | Bought a book of Death for 660 gold pieces
 34028 | Snake:3  | You pick up a book of Death and begin reading...
 34028 | Snake:3  | You add the spells Animate Dead, Haunt and Infestation to
                  | your library.
 34033 | Snake:3  | Learned a level 4 spell: Animate Dead
 34085 | Snake:3  | Reached skill level 13 in Maces & Flails
 34158 | Snake:3  | Bought a potion of heal wounds for 130 gold pieces
 34208 | Snake:3  | Bought the amulet "Jysig" {Faith Fly} for 638 gold pieces
 34252 | Snake:4  | Entered Level 4 of the Snake Pit
 34515 | Snake:4  | Noticed Mlioglotl
 34843 | Snake:4  | Noticed Roxanne
 34879 | Snake:4  | Killed Roxanne
 34989 | Snake:4  | You pick up a book of Sloth and begin reading...
 34989 | Snake:4  | You add the spells Metabolic Englaciation and Statue Form
                  | to your library.
 35109 | Snake:4  | Learned a level 7 spell: Haunt
 35445 | Snake:4  | Noticed Vashnia
 35596 | Snake:4  | Killed Vashnia
 35972 | Snake:4  | Reached XP level 18. HP: 145/145 MP: 21/34
 35973 | Snake:4  | Reached skill level 14 in Fighting
 37236 | Snake:4  | Reached skill level 13 in Spellcasting
 37545 | Snake:4  | Reached skill level 13 in Throwing
 37545 | Snake:4  | Reached skill level 13 in Evocations
 37554 | Snake:4  | Killed Mlioglotl
 37596 | Snake:4  | Noticed Nikola
 38097 | Snake:4  | Reached skill level 14 in Invocations
 38306 | Snake:4  | Got a serpentine rune of Zot
 38472 | Shoals:1 | Entered Level 1 of the Shoals
 38484 | Shoals:1 | Reached skill level 11 in Hexes
 38484 | Shoals:1 | Reached skill level 11 in Summonings
 38484 | Shoals:1 | Reached skill level 11 in Necromancy
 38484 | Shoals:1 | Reached skill level 11 in Translocations
 38484 | Shoals:1 | Reached skill level 11 in Transmutations
 38484 | Shoals:1 | Reached skill level 11 in Fire Magic
 38484 | Shoals:1 | Reached skill level 11 in Ice Magic
 38484 | Shoals:1 | Reached skill level 11 in Air Magic
 38484 | Shoals:1 | Reached skill level 11 in Earth Magic
 38484 | Shoals:1 | Reached skill level 11 in Poison Magic
 38721 | Shoals:1 | You pick up a book of Party Tricks and begin reading...
 38747 | Shoals:1 | Reached skill level 13 in Short Blades
 38747 | Shoals:1 | Reached skill level 13 in Long Blades
 38747 | Shoals:1 | Reached skill level 13 in Axes
 38747 | Shoals:1 | Reached skill level 13 in Polearms
 38747 | Shoals:1 | Reached skill level 13 in Staves
 38747 | Shoals:1 | Reached skill level 13 in Ranged Weapons
 38747 | Shoals:1 | Reached skill level 13 in Armour
 38747 | Shoals:1 | Reached skill level 13 in Dodging
 38747 | Shoals:1 | Reached skill level 13 in Stealth
 38747 | Shoals:1 | Reached skill level 13 in Shields
 38747 | Shoals:1 | Reached skill level 13 in Unarmed Combat
 39512 | Shoals:1 | Found a runed translucent door.
 39513 | Shoals:1 | Noticed Xiwoan's ghost (adept GnFi)
 39514 | Shoals:1 | Found a shimmering altar of Xom.
 39936 | Shoals:2 | Upgraded the game from 0.30-a0-576-g89cddaab80 to
                  | 0.30-a0-578-gdee14c521f
 39936 | Shoals:2 | magus.rc [v1.9.6]
 40327 | Shoals:2 | Noticed Polyphemus
 40349 | Shoals:2 | Reached XP level 19. HP: 100/153 MP: 1/36
 40354 | Shoals:2 | Killed Polyphemus
 40700 | Shoals:2 | Reached skill level 14 in Maces & Flails
 41315 | Shoals:2 | Found Xicixas's Magic Scroll Boutique.
 41325 | Shoals:2 | Identified the +0 pair of gloves of Dyspraxia {rF++ Str-3}
 41376 | Shoals:2 | Bought a scroll of blinking for 97 gold pieces
 41376 | Shoals:2 | Bought a scroll of blinking for 97 gold pieces
 42399 | Shoals:3 | Reached skill level 12 in Conjurations
 42848 | Shoals:3 | magus.rc [v1.9.6]
 43115 | Shoals:3 | Noticed Ilsuiw
 43131 | Shoals:3 | Killed Ilsuiw
 44062 | Shoals:3 | Your ally Ilsuiw died
 44236 | Shoals:4 | Entered Level 4 of the Shoals
 44312 | Shoals:4 | Reached skill level 15 in Fighting
 44542 | Shoals:4 | Reached skill level 14 in Spellcasting
 44550 | Shoals:4 | Found a flickering gateway to a bazaar.
 44556 | Bazaar   | Entered a bazaar
 44696 | Bazaar   | Found Sunujoit's Book Emporium.
 44712 | Bazaar   | Found Fiurudim's Antique Weapon Emporium.
 44712 | Bazaar   | Found Iwkistrec's Weapon Shoppe.
 44734 | Bazaar   | Found Avunadan's Book Shoppe.
 44750 | Bazaar   | Found Ynnuco's General Store.
 44831 | Bazaar   | Bought a book of Alchemy for 364 gold pieces
 44831 | Bazaar   | You pick up a book of Alchemy and begin reading...
 44831 | Bazaar   | You add the spells Sublimation of Blood and Irradiate to
                  | your library.
 44837 | Bazaar   | Learned a level 5 spell: Irradiate
 44848 | Bazaar   | Learned a level 6 spell: Statue Form
 44976 | Shoals:4 | Reached skill level 14 in Throwing
 44976 | Shoals:4 | Reached skill level 14 in Evocations
 45396 | Shoals:4 | Got a barnacled rune of Zot
 45565 | Shoals:4 | Reached skill level 15 in Invocations
 45608 | Shoals:4 | Identified the +6 spear "Wushrap" {vamp, Dex+5}
 46147 | Shoals:4 | You pick up a book of Iron and begin reading...
 46147 | Shoals:4 | You add the spells Animate Armour, Blade Hands and Iron
                  | Shot to your library.
 46177 | Shoals:4 | Reached XP level 20. HP: 162/162 MP: 16/38
 46215 | Shoals:4 | Identified the ring "Kiagemp" {rF+ rCorr Str+2 Dex+5 SInv}
 46279 | Shoals:2 | Learned a level 6 spell: Iron Shot
 46534 | Vaults:1 | Entered Level 1 of the Vaults
 46597 | Vaults:1 | Reached skill level 14 in Short Blades
 46597 | Vaults:1 | Reached skill level 14 in Long Blades
 46597 | Vaults:1 | Reached skill level 14 in Axes
 46597 | Vaults:1 | Reached skill level 14 in Polearms
 46597 | Vaults:1 | Reached skill level 14 in Staves
 46597 | Vaults:1 | Reached skill level 14 in Ranged Weapons
 46597 | Vaults:1 | Reached skill level 14 in Armour
 46597 | Vaults:1 | Reached skill level 14 in Dodging
 46597 | Vaults:1 | Reached skill level 14 in Stealth
 46597 | Vaults:1 | Reached skill level 14 in Shields
 46597 | Vaults:1 | Reached skill level 14 in Unarmed Combat
 46620 | Vaults:1 | Reached skill level 12 in Hexes
 46620 | Vaults:1 | Reached skill level 12 in Summonings
 46620 | Vaults:1 | Reached skill level 12 in Necromancy
 46620 | Vaults:1 | Reached skill level 12 in Translocations
 46620 | Vaults:1 | Reached skill level 12 in Transmutations
 46620 | Vaults:1 | Reached skill level 12 in Fire Magic
 46620 | Vaults:1 | Reached skill level 12 in Ice Magic
 46620 | Vaults:1 | Reached skill level 12 in Air Magic
 46620 | Vaults:1 | Reached skill level 12 in Earth Magic
 46620 | Vaults:1 | Reached skill level 12 in Poison Magic
 46704 | Vaults:1 | Found a magical portal.
 46713 | WizLab   | Entered Lehudib's Moon Base
 46957 | WizLab   | Found a transporter.
 47620 | WizLab   | Reached skill level 15 in Maces & Flails
 47627 | WizLab   | Gained mutation: You are frail. (-10% HP) [a neqoxec]
 47629 | WizLab   | Lost mutation: You are frail. (-10% HP) [potion of
                  | mutation]
 47629 | WizLab   | Lost mutation: You are covered in fur. (AC +1) [potion of
                  | mutation]
 47629 | WizLab   | Lost mutation: You have a pair of small horns on your head.
                  | [potion of mutation]
 47629 | WizLab   | Gained mutation: You are strong-willed. (Will+) [potion of
                  | mutation]
 47629 | WizLab   | Gained mutation: You are dopey. (Int -2) [potion of
                  | mutation]
 47629 | WizLab   | Gained mutation: You are weak. (Str -2) [potion of
                  | mutation]
 47630 | WizLab   | Lost mutation: You are strong-willed. (Will+) [potion of
                  | mutation]
 47630 | WizLab   | Lost mutation: You are weak. (Str -2) [potion of mutation]
 47630 | WizLab   | Lost mutation: You are dopey. (Int -2) [potion of mutation]
 47630 | WizLab   | Gained mutation: You occasionally shout uncontrollably at
                  | your foes. [potion of mutation]
 47630 | WizLab   | Gained mutation: You sometimes lose your temper in combat.
                  | [potion of mutation]
 47631 | WizLab   | Lost mutation: You sometimes lose your temper in combat.
                  | [potion of mutation]
 47631 | WizLab   | Lost mutation: You occasionally shout uncontrollably at
                  | your foes. [potion of mutation]
 47631 | WizLab   | Gained mutation: Your muscles are strong. (Str +4, Int/Dex
                  | -1) [potion of mutation]
 47631 | WizLab   | Gained mutation: You have sharp toenails. [potion of
                  | mutation]
 47647 | WizLab   | You pick up a book of the Spheres and begin reading...
 47647 | WizLab   | You add the spells Iskenderun's Battlesphere and Orb of
                  | Destruction to your library.
 47695 | WizLab   | Gained mutation: You are frail. (-10% HP) [a cacodemon]
 47757 | WizLab   | Lost mutation: You are frail. (-10% HP) [potion of
                  | mutation]
 47757 | WizLab   | Lost mutation: You have sharp toenails. [potion of
                  | mutation]
 47757 | WizLab   | Lost mutation: Your muscles are strong. (Str +4, Int/Dex
                  | -1) [potion of mutation]
 47757 | WizLab   | Gained mutation: Your body sometimes deteriorates upon
                  | taking damage. [potion of mutation]
 47757 | WizLab   | Gained mutation: Your mind is acute. (Int +4, Str/Dex -1)
                  | [potion of mutation]
 47757 | WizLab   | Gained mutation: You are vulnerable to heat. (rF-) [potion
                  | of mutation]
 47757 | WizLab   | Gained mutation: You are somewhat resistant to further
                  | mutation. [potion of mutation]
 47758 | WizLab   | Lost mutation: You are vulnerable to heat. (rF-) [potion of
                  | mutation]
 47758 | WizLab   | Lost mutation: Your body sometimes deteriorates upon taking
                  | damage. [potion of mutation]
 47758 | WizLab   | Gained mutation: You are partially covered in iridescent
                  | scales. (AC +2) [potion of mutation]
 48518 | WizLab   | Found a transporter.
 48714 | WizLab   | Here: a moon troll, wearing the +4 moon troll leather
                  | armour {Spirit, Regen++ MP+5} (fire blocked by a
                  | translucent stone wall)
 48714 | WizLab   | Here: a moon troll, wearing the +4 moon troll leather
                  | armour {Spirit, Regen++ MP+5} (fire blocked by a
                  | translucent stone wall)
 48810 | WizLab   | Aim: a moon troll, wearing the +4 moon troll leather armour
                  | {Spirit, Regen++ MP+5} (ally target)
 48810 | WizLab   | Aim: a moon troll, wearing the +4 moon troll leather armour
                  | {Spirit, Regen++ MP+5} (ally target)
 48811 | WizLab   | Here: a moon troll, wearing the +4 moon troll leather
                  | armour {Spirit, Regen++ MP+5} (ally target)
 48811 | WizLab   | Here: a moon troll, wearing the +4 moon troll leather
                  | armour {Spirit, Regen++ MP+5} (ally target)
 48815 | WizLab   | Aim: a moon troll, wearing the +4 moon troll leather armour
                  | {Spirit, Regen++ MP+5} (heavily wounded, not watching you,
                  | ally target, 100% to hit)
 48815 | WizLab   | Aim: a moon troll, wearing the +4 moon troll leather armour
                  | {Spirit, Regen++ MP+5} (heavily wounded, not watching you,
                  | ally target, 100% to hit)
 48891 | WizLab   | You add the spells Lehudib's Crystal Spear and Shatter to
                  | your library.
 48891 | WizLab   | Got Lehudib's Spellbook of the Quantum Caves
 48921 | WizLab   | Identified the +2 cloak "Ysaeceuq" {rN+}
 49019 | Vaults:1 | Reached XP level 21. HP: 170/170 MP: 26/39
 49105 | Vaults:1 | Reached skill level 13 in Conjurations
 49571 | Vaults:1 | You pick up a book of Cantrips and begin reading...
 49571 | Vaults:1 | You add the spells Necrotise and Summon Small Mammal to
                  | your library.
 50055 | Vaults:2 | Reached skill level 15 in Spellcasting
 50166 | Vaults:2 | Reached skill level 16 in Fighting
 50170 | Vaults:2 | Reached skill level 16 in Invocations
 50211 | Vaults:2 | Reached skill level 15 in Throwing
 50211 | Vaults:2 | Reached skill level 15 in Evocations
 51124 | Vaults:2 | Identified the +3 hat of Woen {rF++}
 51137 | Vaults:2 | Found a radiant altar of Vehumet.
 51146 | Vaults:2 | Identified the +2 robe of the Blessed Realm {Str+2 Stlth+}
 51148 | Vaults:2 | You pick up a book of Power and begin reading...
 51160 | Vaults:2 | Identified the +0 robe of the Harvest Moon {Fly Str+2 Int+4
                  | Dex+2}
 51256 | Vaults:2 | Noticed Xtahua
 51266 | Vaults:2 | Killed Xtahua
 51620 | Shoals:2 | Bought a scroll of amnesia for 52 gold pieces
 51629 | Shoals:2 | Learned a level 7 spell: Spellforged Servitor
 51995 | Vaults:2 | Reached skill level 15 in Short Blades
 51995 | Vaults:2 | Reached skill level 15 in Long Blades
 51995 | Vaults:2 | Reached skill level 15 in Axes
 51995 | Vaults:2 | Reached skill level 15 in Polearms
 51995 | Vaults:2 | Reached skill level 15 in Staves
 51995 | Vaults:2 | Reached skill level 15 in Ranged Weapons
 51995 | Vaults:2 | Reached skill level 15 in Armour
 51995 | Vaults:2 | Reached skill level 15 in Dodging
 51995 | Vaults:2 | Reached skill level 15 in Stealth
 51995 | Vaults:2 | Reached skill level 15 in Shields
 51995 | Vaults:2 | Reached skill level 15 in Unarmed Combat
 52334 | Vaults:2 | Found a staircase to the Crypt.
 52334 | Vaults:2 | Found a basalt altar of Yredelemnul.
 52334 | Vaults:2 | Found an ancient bone altar of Kikubaaqudgha.
 52768 | Vaults:3 | Noticed Margery
 52789 | Vaults:3 | Killed Margery
 52792 | Vaults:3 | a +3 demon trident {polearm}; +0 shadow dragon scales
                  | {rare}
 52829 | Vaults:3 | Identified the +2 robe of the Game Afoot {Regen+}
 52838 | Vaults:3 | a +3 demon trident {polearm}; +0 shadow dragon scales
                  | {rare}
 52842 | Vaults:3 | a +3 demon trident {polearm}; +0 shadow dragon scales
                  | {rare}
 52889 | Vaults:3 | a +3 demon trident {polearm}; +0 shadow dragon scales
                  | {rare}
 52889 | Vaults:3 | a +3 demon trident {polearm}; +0 shadow dragon scales
                  | {rare}
 52889 | Vaults:3 | Could not pick up +0 shadow dragon scales {rare} here;
                  | ([A]lways) ignore it?
 53100 | Vaults:3 | Noticed Frederick
 53107 | Vaults:3 | Your ally Margery died
 53108 | Vaults:3 | Killed Frederick
 53132 | Vaults:3 | Reached skill level 13 in Hexes
 53132 | Vaults:3 | Reached skill level 13 in Summonings
 53132 | Vaults:3 | Reached skill level 13 in Necromancy
 53132 | Vaults:3 | Reached skill level 13 in Translocations
 53132 | Vaults:3 | Reached skill level 13 in Transmutations
 53132 | Vaults:3 | Reached skill level 13 in Fire Magic
 53132 | Vaults:3 | Reached skill level 13 in Ice Magic
 53132 | Vaults:3 | Reached skill level 13 in Air Magic
 53132 | Vaults:3 | Reached skill level 13 in Earth Magic
 53132 | Vaults:3 | Reached skill level 13 in Poison Magic
 53278 | Vaults:3 | Reached XP level 22. HP: 179/179 MP: 29/41
 53762 | Vaults:3 | Reached skill level 16 in Maces & Flails
 53793 | Vaults:3 | Found a runed translucent gate.
 53793 | Vaults:3 | Found a runed translucent gate.
 53793 | Vaults:3 | Found a runed translucent gate.
 53794 | Vaults:3 | Noticed Uhurudgh's ghost (veteran DgEE)
 54750 | Vaults:4 | Found a portal to a secret trove of treasure.
 54851 | Vaults:4 | This trove needs +4 storm dragon scales to function. Give
                  | it the item?
 55611 | Vaults:4 | Noticed Siling's ghost (adept DjFE)
 55612 | Vaults:4 | Found a transporter.
 55612 | Vaults:4 | Identified the +9 great mace of Tukitto {speed, rF+ Str+2
                  | Dex+4}
 55612 | Vaults:4 | Identified the +7 great mace "Tott" {venom, *Corrode Str+3
                  | Dex+7}
 55769 | Vaults:4 | Reached skill level 17 in Invocations
 56284 | Vaults:4 | Reached skill level 16 in Spellcasting
 56491 | Vaults:4 | Found a transporter.
 56756 | Depths:1 | Entered Level 1 of the Depths
 56891 | Depths:1 | Noticed Asterion
 56920 | Depths:1 | Reached skill level 16 in Throwing
 56920 | Depths:1 | Reached skill level 16 in Evocations
 56988 | Depths:1 | Killed Asterion
 57079 | Depths:1 | Found a one-way gate leading to the halls of Pandemonium.
 57134 | Depths:1 | Reached skill level 17 in Fighting
 57215 | Depths:1 | Found a gateway to Hell.
 57217 | Depths:1 | Reached skill level 14 in Conjurations
 57219 | Depths:1 | Your ally Asterion died
 57447 | Depths:1 | Reached XP level 23. HP: 180/187 MP: 12/43
 57573 | Depths:1 | Reached skill level 16 in Short Blades
 57573 | Depths:1 | Reached skill level 16 in Long Blades
 57573 | Depths:1 | Reached skill level 16 in Axes
 57573 | Depths:1 | Reached skill level 16 in Polearms
 57573 | Depths:1 | Reached skill level 16 in Staves
 57573 | Depths:1 | Reached skill level 16 in Ranged Weapons
 57573 | Depths:1 | Reached skill level 16 in Armour
 57573 | Depths:1 | Reached skill level 16 in Dodging
 57573 | Depths:1 | Reached skill level 16 in Stealth
 57573 | Depths:1 | Reached skill level 16 in Shields
 57573 | Depths:1 | Reached skill level 16 in Unarmed Combat
 57796 | Depths:1 | You pick up a book of Power and begin reading...
 58834 | Depths:2 | You pick up a book of Decay and begin reading...
 58834 | Depths:2 | You add the spells Dispel Undead and Death Channel to your
                  | library.
 58842 | Depths:2 | Learned a level 6 spell: Death Channel
 58930 | Depths:2 | Found a broken altar of Ashenzari.
 59804 | Depths:3 | magus.rc [v1.9.6]
 59804 | Depths:3 | Upgraded the game from 0.30-a0-578-gdee14c521f to
                  | 0.30-a0-585-g93115170b9
 59804 | Depths:3 | magus.rc [v1.9.6]
 60132 | Depths:3 | You pick up a book of Sloth and begin reading...
 60378 | Depths:3 | Reached skill level 17 in Maces & Flails
 60386 | Depths:3 | Reached skill level 14 in Hexes
 60386 | Depths:3 | Reached skill level 14 in Summonings
 60386 | Depths:3 | Reached skill level 14 in Necromancy
 60386 | Depths:3 | Reached skill level 14 in Translocations
 60386 | Depths:3 | Reached skill level 14 in Transmutations
 60386 | Depths:3 | Reached skill level 14 in Fire Magic
 60386 | Depths:3 | Reached skill level 14 in Ice Magic
 60386 | Depths:3 | Reached skill level 14 in Air Magic
 60386 | Depths:3 | Reached skill level 14 in Earth Magic
 60386 | Depths:3 | Reached skill level 14 in Poison Magic
 60931 | Depths:3 | You pick up a book of Party Tricks and begin reading...
 61164 | Depths:3 | Reached skill level 18 in Invocations
 61164 | Depths:3 | Reached XP level 24. HP: 197/197 MP: 32/43
 61706 | Elf:1    | Entered Level 1 of the Elven Halls
 61744 | Elf:1    | Found a crumbling gateway.
 61752 | Elf:1    | Paralysed by an air elemental for 1 turns
 61804 | Elf:1    | The deep elf annihilator is wielding the +7 captain's
                  | cutlass {speed, disarm}.
 61806 | Elf:1    | Aim: a deep elf annihilator, wielding the +7 captain's
                  | cutlass {speed, disarm}
 61809 | Elf:1    | Aim: a deep elf annihilator, wielding the +7 captain's
                  | cutlass {speed, disarm} (ally target, 67% to hit)
 61809 | Elf:1    | Aim: a deep elf annihilator, wielding the +7 captain's
                  | cutlass {speed, disarm} (ally target, 67% to hit)
 61810 | Elf:1    | Aim: a deep elf annihilator, wielding the +7 captain's
                  | cutlass {speed, disarm} (heavily wounded, ally target, 67%
                  | to hit)
 61810 | Elf:1    | Aim: a deep elf annihilator, wielding the +7 captain's
                  | cutlass {speed, disarm} (heavily wounded, ally target, 67%
                  | to hit)
 61817 | Elf:1    | Got Sif Muna's Precepts of Bruises
 61818 | Elf:1    | Aim: a deep elf annihilator, wielding the +7 captain's
                  | cutlass {speed, disarm} (severely wounded, ally target, 67%
                  | to hit)
 61818 | Elf:1    | Aim: a deep elf annihilator, wielding the +7 captain's
                  | cutlass {speed, disarm} (severely wounded, ally target, 67%
                  | to hit)
 61918 | Desolati | Entered the Desolation of Salt
 62004 | Desolati | Reached skill level 17 in Spellcasting
 62027 | Desolati | Identified the +0 buckler of Entitlement {Int+2 SInv
                  | Stlth-}
 62037 | Desolati | You add the spells Borgnjor's Revivification, Necromutation
                  | and Death's Door to your library.
 62040 | Desolati | Identified the ring "Qow Udim" {Fire Int+4}
 62077 | Desolati | Reached skill level 17 in Throwing
 62077 | Desolati | Reached skill level 17 in Evocations
 62338 | Desolati | Reached skill level 18 in Fighting
 62368 | Desolati | You add the spells Confusing Touch and Arcjolt to your
                  | library.
 62368 | Desolati | Got Sif Muna's Exposition on Aerial Execration {@e2}
 62413 | Desolati | Identified the ring of Beauty {Fly MP+9}
 62424 | Desolati | Identified the ring of Banasuen {rF+ EV+5}
 62454 | Desolati | Identified the ring "Duskenez" {rElec rPois}
 62949 | Vaults:3 | Paralysed by a Zot trap for 2 turns
 63207 | Vaults:3 | Killed Uhurudgh's ghost
 63276 | Vaults:3 | Identified the +2 pair of boots "Telotom" {Str+4}
 63575 | Elf:1    | Reached skill level 17 in Short Blades
 63575 | Elf:1    | Reached skill level 17 in Long Blades
 63575 | Elf:1    | Reached skill level 17 in Axes
 63575 | Elf:1    | Reached skill level 17 in Polearms
 63575 | Elf:1    | Reached skill level 17 in Staves
 63575 | Elf:1    | Reached skill level 17 in Ranged Weapons
 63575 | Elf:1    | Reached skill level 17 in Armour
 63575 | Elf:1    | Reached skill level 17 in Dodging
 63575 | Elf:1    | Reached skill level 17 in Stealth
 63575 | Elf:1    | Reached skill level 17 in Shields
 63575 | Elf:1    | Reached skill level 17 in Unarmed Combat
 64229 | Elf:1    | Noticed Donald
 64269 | Elf:1    | Killed Donald
 64270 | Elf:1    | Reached skill level 15 in Conjurations
 64781 | Elf:2    | Found a huge runed translucent gate.
 64781 | Elf:2    | Found a huge runed translucent gate.
 64782 | Elf:2    | Found a huge runed translucent gate.
 64791 | Elf:2    | Found a huge runed translucent gate.
 64797 | Elf:2    | Found a huge runed translucent gate.
 65245 | Elf:3    | Entered Level 3 of the Elven Halls
 65256 | Elf:1    | Found an ancient bone altar of Kikubaaqudgha.
 65652 | Elf:3    | Found Ufeonaa's Assorted Antiques.
 65660 | Elf:3    | Bought a scroll of brand weapon for 323 gold pieces
 65660 | Elf:3    | Bought a potion of heal wounds for 170 gold pieces
 65881 | Elf:3    | You pick up a book of Spectacle and begin reading...
 65881 | Elf:3    | You add the spells Dazzling Flash and Iskenderun's Mystic
                  | Blast to your library.
 66229 | Elf:3    | Reached XP level 25. HP: 204/204 MP: 38/44
 66316 | Elf:3    | Identified the +0 leather armour "Akioz" {Will+ Regen+
                  | Int+3}
 66318 | Elf:3    | Identified the ring "Fauts" {rElec rF+}
 66387 | Elf:3    | Identified the +7 war axe "Yliefeff" {heavy, MP+9}
 66408 | Elf:3    | You add the spells Malign Gateway and Summon Horrible
                  | Things to your library.
 66496 | Elf:3    | Learned a level 7 spell: Malign Gateway
 66548 | Elf:3    | You pick up a book of the Warp and begin reading...
 66553 | Elf:3    | Got the Spellbook of the Inquisitive Xeniums
 66593 | Elf:3    | Identified the +1 leather armour "Fexoeked" {-Tele Str+3
                  | Dex+2 SInv}
 66919 | Depths:4 | Entered Level 4 of the Depths
 66933 | Depths:4 | l - +0 storm dragon scales {rare}
 67197 | Orc:2    | Bought a scroll of brand weapon for 114 gold pieces
 67441 | Depths:4 | Found a blossoming altar of Fedhas.
 67488 | Depths:4 | You pick up a book of Burglary and begin reading...
 67488 | Depths:4 | You add the spells Passwall and Ensorcelled Hibernation to
                  | your library.
 67614 | Depths:4 | Noticed a juggernaut
 67639 | Depths:4 | Killed a juggernaut
 67640 | Depths:4 | Reached skill level 18 in Maces & Flails
 67662 | Depths:4 | Noticed a caustic shrike
 67666 | Depths:4 | Noticed a caustic shrike
 67673 | Depths:4 | Noticed a caustic shrike
 67684 | Depths:4 | Killed a caustic shrike
 67690 | Depths:4 | Killed a caustic shrike
 67693 | Depths:4 | Reached skill level 19 in Invocations
 67699 | Depths:4 | Killed a caustic shrike
 67806 | Depths:4 | Reached skill level 18 in Throwing
 67809 | Depths:4 | Reached skill level 15 in Hexes
 67809 | Depths:4 | Reached skill level 15 in Summonings
 67809 | Depths:4 | Reached skill level 15 in Necromancy
 67809 | Depths:4 | Reached skill level 15 in Translocations
 67809 | Depths:4 | Reached skill level 15 in Transmutations
 67809 | Depths:4 | Reached skill level 15 in Fire Magic
 67809 | Depths:4 | Reached skill level 15 in Ice Magic
 67809 | Depths:4 | Reached skill level 15 in Air Magic
 67809 | Depths:4 | Reached skill level 15 in Earth Magic
 67809 | Depths:4 | Reached skill level 15 in Poison Magic
 68252 | Depths:4 | Found a one-way gateway to a ziggurat.
 68305 | Depths:4 | R - +0 storm dragon scales {rare}
 68311 | Depths:4 | Found a large runed translucent door.
 68312 | Depths:4 | Found a large runed translucent door.
 68416 | Depths:4 | Noticed Koitwynuri's ghost (veteran NaHW)
 68624 | Depths:4 | Found a gate to the Realm of Zot.
 68881 | Depths:4 | Found the necklace of Bloodlust {*Rage Will++ Int-3 Slay+6}
 68890 | Depths:4 | You drop +0 storm dragon scales {rare}.
 69006 | Depths:4 | Killed Koitwynuri's ghost
 69317 | Vaults:4 | This trove needs +4 storm dragon scales to function. Give
                  | it the item?
 69318 | Vaults:4 | your +0 storm dragon scales {rare} glow green for a moment.
 69319 | Vaults:4 | your +1 storm dragon scales {rare} glow green for a moment.
 69320 | Vaults:4 | your +2 storm dragon scales {rare} glow green for a moment.
 69321 | Vaults:4 | your +3 storm dragon scales {rare} glow green for a moment.
 69323 | Vaults:4 | This trove needs +4 storm dragon scales to function. Give
                  | it the item?
 69323 | Vaults:4 | You paid a toll of +4 storm dragon scales to enter a
                  | treasure trove
 69324 | Trove    | Entered a treasure trove
 69328 | Trove    | Identified the +3 lajatang of Wyrd {vamp, *Noise rElec
                  | Str+3 Dex+3}
 69331 | Trove    | Identified the +8 executioner's axe "Duinwav" {heavy, Will+
                  | Int+2 Dex+7}
 69332 | Trove    | l - the +8 executioner's axe "Duinwav" {heavy, Will+ Int+2
                  | Dex+7, axerare=g}
 69333 | Trove    | You drop the +8 executioner's axe "Duinwav" {heavy, Will+
                  | Int+2 Dex+7, axerare=g}.
 69334 | Trove    | Identified the +3 dagger of the Girdle {heavy, Stlth+}
 69339 | Trove    | l - a +2 executioner's axe of freezing {axerare=g}
 69340 | Trove    | Identified the +7 triple sword of Qaetuot {vamp, rElec
                  | SInv}
 69341 | Trove    | R - the +7 triple sword of Qaetuot {vamp, rElec SInv,
                  | longrare=g}
 69343 | Trove    | Identified the +3 short sword "Iwnitwol" {flame, rN+ Str+4}
 69344 | Trove    | Identified the +9 hand axe "Worm" {elec, rElec}
 69359 | Trove    | R - the +7 triple sword of Qaetuot (weapon) {vamp, rElec
                  | SInv, longrare=g}
 69375 | Vaults:4 | You drop a +2 executioner's axe of freezing {axerare=g}.
 69406 | Vaults:4 | Your damage rating with the +7 triple sword of Qaetuot
                  | {vamp, rElec SInv, longrare=g} is about 45 (Base 19 x 115%
                  | (Dex) x 177% (Skill) + 7 (Ench)).
 69421 | Vaults:5 | Entered Level 5 of the Vaults
 69481 | Vaults:5 | Noticed a dread lich
 69556 | Vaults:5 | Reached skill level 18 in Spellcasting
 69591 | Vaults:5 | Reached skill level 18 in Evocations
 69630 | Vaults:5 | Killed a dread lich
 69662 | Vaults:5 | You pick up a book of Cantrips and begin reading...
 69698 | Vaults:5 | +0 shadow dragon scales {rare}; a shadow dragon corpse
 69814 | Vaults:5 | Noticed an ancient lich
 69830 | Vaults:5 | Killed an ancient lich
 69831 | Vaults:5 | Reached XP level 26. HP: 151/213 MP: 6/45
 69842 | Vaults:5 | Reached skill level 18 in Short Blades
 69842 | Vaults:5 | Reached skill level 18 in Long Blades
 69842 | Vaults:5 | Reached skill level 18 in Axes
 69842 | Vaults:5 | Reached skill level 18 in Polearms
 69842 | Vaults:5 | Reached skill level 18 in Staves
 69842 | Vaults:5 | Reached skill level 18 in Ranged Weapons
 69842 | Vaults:5 | Reached skill level 18 in Armour
 69842 | Vaults:5 | Reached skill level 18 in Dodging
 69842 | Vaults:5 | Reached skill level 18 in Stealth
 69842 | Vaults:5 | Reached skill level 18 in Shields
 69842 | Vaults:5 | Reached skill level 18 in Unarmed Combat
 69886 | Vaults:5 | Your damage rating with the +7 triple sword of Qaetuot
                  | {vamp, rElec SInv, longrare=g} is about 46 (Base 19 x 115%
                  | (Dex) x 179% (Skill) + 7 (Ench)).
 69909 | Vaults:5 | Reached skill level 19 in Fighting
 69914 | Vaults:5 | +0 storm dragon scales {rare}; a storm dragon corpse
 69979 | Vaults:5 | Got a silver rune of Zot
 69986 | Vaults:5 | You pick up a book of Dreams and begin reading...
 69986 | Vaults:5 | You add the spells Spider Form and Anguish to your library.
 69989 | Vaults:5 | You pick up a book of Displacement and begin reading...
 70040 | Vaults:5 | You pick up a book of Weapons and begin reading...
 70099 | Vaults:5 | Reached skill level 19 in Throwing
 70144 | Vaults:5 | Found Ducvuyxt's Weapon Shop.
 70283 | Vaults:5 | Noticed a dread lich
 70292 | Vaults:5 | Killed a dread lich
 70341 | Vaults:5 | Reached skill level 16 in Conjurations
 70347 | Vaults:5 | You pick up a book of Dreams and begin reading...
 70401 | Vaults:5 | Identified +0 gold dragon scales
 70494 | Vaults:5 | l - +0 gold dragon scales {rare}
 70549 | Vaults:5 | Got Sif Muna's Meditations on Energetic Hexes
 70940 | Vaults:5 | Could not pick up +0 storm dragon scales {rare} here;
                  | ([A]lways) ignore it?
 70940 | Vaults:5 | Could not pick up +0 storm dragon scales {rare} here;
                  | ([A]lways) ignore it?
 70940 | Vaults:5 | Could not pick up +0 storm dragon scales {rare} here;
                  | ([A]lways) ignore it?
 70940 | Vaults:5 | Could not pick up +0 storm dragon scales {rare} here;
                  | ([A]lways) ignore it?
 70961 | Vaults:5 | You drop +0 gold dragon scales {rare}.
 71020 | Vaults:5 | Identified the ring of Deuchil {*Slow +Blink Fly Str+6
                  | Dex+4}
 71086 | Vaults:5 | Identified the +7 rapier of the Priest {holy, rPois Str+3
                  | Int-2}
 71129 | Vaults:5 | You pick up a book of Burglary and begin reading...
 71179 | Vaults:4 | the ring "Duskenez" {rElec rPois}; a +2 executioner's axe
                  | of freezing {axerare=g}; the +4 sling "Xomaplia" {drain,
                  | Fly rPois Int+2}
 71491 | Zot:1    | Entered Level 1 of the Realm of Zot
 71946 | Zot:3    | c - quicksilver dragon scales {rare}
 71957 | Zot:3    | You finish putting on your quicksilver dragon scales
                  | {rare}.
 71969 | Zot:3    | Learned a level 8 spell: Borgnjor's Revivification
 72069 | Zot:4    | Reached skill level 20 in Invocations
 72085 | Zot:4    | Reached skill level 19 in Maces & Flails
 72109 | Zot:5    | Entered Level 5 of the Realm of Zot
 72532 | Zot:5    | Found a runed translucent door.
 72532 | Zot:5    | Noticed Monuoraozee's ghost (legendary GnTm)
 72556 | Zot:5    | Reached skill level 19 in Dodging
 72627 | Zot:5    | Noticed a dread lich
 72638 | Zot:5    | Killed a dread lich
 72639 | Zot:5    | Reached XP level 27. HP: 159/222 MP: 11/45
 72639 | Zot:5    | Noticed an orb of fire
 72646 | Zot:5    | Noticed an ancient lich
 72650 | Zot:5    | Killed an orb of fire
 72651 | Zot:5    | Reached skill level 20 in Throwing
 72662 | Zot:5    | Noticed an orb of fire
 72662 | Zot:5    | Noticed an orb of fire
 72664 | Zot:5    | Noticed an orb of fire
 72669 | Zot:5    | Noticed an electric golem
 72674 | Zot:5    | Lost mutation: Your mind is acute. (Int +4, Str/Dex -1) [an
                  | orb of fire]
 72677 | Zot:5    | Gained mutation: You are frail. (-10% HP) [an orb of fire]
 72678 | Zot:5    | Killed an orb of fire
 72679 | Zot:5    | Gained mutation: Your body sometimes deteriorates upon
                  | taking damage. [an orb of fire]
 72752 | Zot:5    | Killed an ancient lich
 73043 | Zot:5    | Noticed an orb of fire
 73059 | Zot:5    | Gained mutation: Your body often deteriorates upon taking
                  | damage. [an orb of fire]
 73060 | Zot:5    | Killed an orb of fire
 73061 | Zot:5    | Reached skill level 16 in Hexes
 73061 | Zot:5    | Reached skill level 16 in Summonings
 73061 | Zot:5    | Reached skill level 16 in Necromancy
 73061 | Zot:5    | Reached skill level 16 in Translocations
 73061 | Zot:5    | Reached skill level 16 in Transmutations
 73061 | Zot:5    | Reached skill level 16 in Fire Magic
 73061 | Zot:5    | Reached skill level 16 in Ice Magic
 73061 | Zot:5    | Reached skill level 16 in Air Magic
 73061 | Zot:5    | Reached skill level 16 in Earth Magic
 73061 | Zot:5    | Reached skill level 16 in Poison Magic
 73061 | Zot:5    | Lost mutation: You are somewhat resistant to further
                  | mutation. [potion of mutation]
 73061 | Zot:5    | Lost mutation: You are frail. (-10% HP) [potion of
                  | mutation]
 73061 | Zot:5    | Lost mutation: Your body often deteriorates upon taking
                  | damage. [potion of mutation]
 73061 | Zot:5    | Gained mutation: You have large cloven feet. [potion of
                  | mutation]
 73061 | Zot:5    | Gained mutation: You are mostly covered in iridescent
                  | scales. (AC +4) [potion of mutation]
 73062 | Zot:5    | Lost mutation: You are mostly covered in iridescent scales.
                  | (AC +4) [potion of mutation]
 73062 | Zot:5    | Lost mutation: You are partially covered in iridescent
                  | scales. (AC +2) [potion of mutation]
 73062 | Zot:5    | Lost mutation: Your body sometimes deteriorates upon taking
                  | damage. [potion of mutation]
 73062 | Zot:5    | Gained mutation: You are clumsy. (Dex -2) [potion of
                  | mutation]
 73062 | Zot:5    | Gained mutation: You expend magic power (3 MP) to
                  | strengthen your wands. [potion of mutation]
 73062 | Zot:5    | Gained mutation: Your mind is acute. (Int +4, Str/Dex -1)
                  | [potion of mutation]
 73062 | Zot:5    | Gained mutation: Your muscles are strong. (Str +4, Int/Dex
                  | -1) [potion of mutation]
 73182 | Zot:5    | Lost mutation: Your mind is acute. (Int +4, Str/Dex -1) [an
                  | orb of fire]
 73185 | Zot:5    | Gained mutation: You are vulnerable to cold. (rC-) [an orb
                  | of fire]
 73188 | Zot:5    | Killed an orb of fire
 73189 | Zot:5    | Reached skill level 19 in Spellcasting
 73189 | Zot:5    | Lost mutation: Your muscles are strong. (Str +4, Int/Dex
                  | -1) [potion of mutation]
 73189 | Zot:5    | Lost mutation: You have large cloven feet. [potion of
                  | mutation]
 73189 | Zot:5    | Gained mutation: You are weak. (Str -2) [potion of
                  | mutation]
 73189 | Zot:5    | Gained mutation: Your mind is acute. (Int +4, Str/Dex -1)
                  | [potion of mutation]
 73189 | Zot:5    | Gained mutation: Your spells are a little harder to cast,
                  | but a little more powerful. [potion of mutation]
 73190 | Zot:5    | Lost mutation: You are weak. (Str -2) [potion of mutation]
 73190 | Zot:5    | Lost mutation: Your spells are a little harder to cast, but
                  | a little more powerful. [potion of mutation]
 73190 | Zot:5    | Gained mutation: You are very vulnerable to cold. (rC--)
                  | [potion of mutation]
 73191 | Zot:5    | Lost mutation: You are clumsy. (Dex -2) [potion of
                  | mutation]
 73191 | Zot:5    | Lost mutation: Your mind is acute. (Int +4, Str/Dex -1)
                  | [potion of mutation]
 73191 | Zot:5    | Gained mutation: You have a pair of small horns on your
                  | head. [potion of mutation]
 73191 | Zot:5    | Gained mutation: You have a somewhat thin skeletal
                  | structure. (Dex +2, Stealth+) [potion of mutation]
 73191 | Zot:5    | Gained mutation: You are strong-willed. (Will+) [potion of
                  | mutation]
 73192 | Zot:5    | Lost mutation: You are very vulnerable to cold. (rC--)
                  | [potion of mutation]
 73192 | Zot:5    | Lost mutation: You have a pair of small horns on your head.
                  | [potion of mutation]
 73192 | Zot:5    | Lost mutation: You have a somewhat thin skeletal structure.
                  | (Dex +2, Stealth+) [potion of mutation]
 73192 | Zot:5    | Gained mutation: Your system is resistant to poisons.
                  | (rPois) [potion of mutation]
 73193 | Zot:5    | Lost mutation: You are vulnerable to cold. (rC-) [potion of
                  | mutation]
 73193 | Zot:5    | Lost mutation: You expend magic power (3 MP) to strengthen
                  | your wands. [potion of mutation]
 73193 | Zot:5    | Lost mutation: You are strong-willed. (Will+) [potion of
                  | mutation]
 73193 | Zot:5    | Gained mutation: You occasionally shout uncontrollably at
                  | your foes. [potion of mutation]
 73193 | Zot:5    | Gained mutation: You passively map a small area around you.
                  | [potion of mutation]
 73193 | Zot:5    | Gained mutation: You are strong-willed. (Will+) [potion of
                  | mutation]
 73193 | Zot:5    | Gained mutation: You have large cloven feet. [potion of
                  | mutation]
 73203 | Zot:5    | magus.rc [v1.9.6]
 73211 | Zot:5    | Killed an orb of fire
 73214 | Zot:5    | Reached skill level 19 in Evocations
 73255 | Zot:5    | Noticed a curse toe
 73269 | Zot:5    | Killed a curse toe
 73275 | Zot:5    | Noticed an orb of fire
 73281 | Zot:5    | Gained mutation: Your magical capacity is low. (-10% MP)
                  | [an orb of fire]
 73284 | Zot:5    | Killed an orb of fire
 73291 | Zot:5    | Noticed an orb of fire
 73304 | Zot:5    | Noticed an electric golem
 73304 | Zot:5    | Noticed an orb of fire
 73309 | Zot:5    | Killed an orb of fire
 73313 | Zot:5    | Reached skill level 19 in Short Blades
 73313 | Zot:5    | Reached skill level 19 in Long Blades
 73313 | Zot:5    | Reached skill level 19 in Axes
 73313 | Zot:5    | Reached skill level 19 in Polearms
 73313 | Zot:5    | Reached skill level 19 in Staves
 73313 | Zot:5    | Reached skill level 19 in Ranged Weapons
 73313 | Zot:5    | Reached skill level 19 in Armour
 73313 | Zot:5    | Reached skill level 19 in Stealth
 73313 | Zot:5    | Reached skill level 19 in Shields
 73313 | Zot:5    | Reached skill level 19 in Unarmed Combat
 73313 | Zot:5    | Noticed an orb of fire
 73320 | Zot:5    | Noticed an orb of fire
 73322 | Zot:5    | Killed an orb of fire
 73324 | Zot:5    | Gained mutation: You sometimes lose your temper in combat.
                  | [mutagenic glow]
 73330 | Zot:5    | Killed an orb of fire
 73332 | Zot:5    | Noticed a dread lich
 73337 | Zot:5    | Noticed a dread lich
 73340 | Zot:5    | Killed an orb of fire
 73340 | Zot:5    | Gained mutation: Your magical capacity is very low. (-20%
                  | MP) [mutagenic glow]
 73341 | Zot:5    | Reached skill level 20 in Fighting
 73399 | Zot:5    | Reached skill level 20 in Dodging
 73462 | Zot:5    | Killed an electric golem
 73503 | Zot:5    | Killed a dread lich
 73505 | Zot:5    | Killed a dread lich
 73522 | Zot:5    | Killed an electric golem
 73544 | Zot:5    | Got the Orb of Zot
 73755 | Zot:2    | Noticed Ihaan the pandemonium lord
 73824 | Depths:4 | Noticed Durehuym the pandemonium lord
 74048 | D:7      | Noticed Nolieh the pandemonium lord
 74140 | D:$      | Escaped with the Orb!

Vanquished Creatures
  3 dread liches
  3 orbs of fire (Zot:5)
  An ancient lich (Vaults:5)
  2 Killer Klowns (Zot:5)
  Saint Roka (Snake:2)
  2 golden dragons (Vaults:5)
  A bone dragon (Depths:4)
  An electric golem (Zot:5)
  A titan (Vaults:5)
  11 Orb Guardians
  5 tentacled monstrosities
  A quicksilver dragon (Zot:3)
  Asterion (Depths:1)
  4 liches
  A sphinx (Depths:3)
  2 walking frostbound tomes (Depths:3)
  A deep elf master archer (Elf:3)
  Gastronok (Lair:3)
  4 tentacled starspawn (WizLab)
  An Executioner (Zot:3)
  Frances (D:14)
  5 tengu reavers
  A storm dragon (Depths:4)
  6 shadow dragons
  Kirke (Lair:5)
  Roxanne (Snake:4)
  2 deep elf sorcerers
  3 nagarajas (Snake:4)
  2 fire giants
  A balrug (Depths:1)
  An imperial myrmidon (Desolation)
  Aizul (Snake:2)
  7 vault wardens
  6 frost giants
  An orc warlord (Orc:2)
  A deep elf elementalist (Elf:3)
  3 war gargoyles
  2 cacodemons (WizLab)
  7 stone giants
  12 ironbound preservers
  A draconian annihilator (Zot:5)
  31 very ugly things
  3 vampire knights
  A red draconian (Depths:4)
  A green draconian (Zot:5)
  A yellow draconian (Zot:3)
  A black draconian (Zot:5)
  A minotaur (Gauntlet)
  5 ironbound thunderhulks
  10 dire elephants
  A minotaur (shapeshifter) (Depths:3)
  6 spark wasps
  4 deep elf annihilators
  A white draconian (Depths:4)
  2 purple draconians
  A very ugly thing zombie (Vaults:3)
  3 merfolk impalers
  3 deep elf death magi (Elf:3)
  9 ettins
  8 yaktaur captains
  3 entropy weavers
  2 crystal guardians (Desolation)
  3 jiangshi (Depths:3)
  3 fire dragons
  3 great orbs of eyes
  2 ragged hierophants (Desolation)
  4 deep elf high priests
  4 rakshasas
  2 ice dragons
  2 salamander tyrants
  5 ironbound frosthearts
  2 servants of whispers (Desolation)
  8 peacekeepers
  30 vault guards
  3 human zombies
  2 boulder beetles
  16 centaur warriors
  A hell beast (D:3)
  4 catoblepae
  2 spriggan air magi (Depths:3)
  5 two-headed ogres
  4 ghost crabs
  An ogre mage (D:13)
  7 merfolk aquamancers
  11 anacondas
  20 naga warriors
  4 tengu warriors
  Erica (D:8)
  3 satyrs
  24 dancing weapons
  An alligator snapping turtle (Shoals:4)
  8 deep troll earth magi
  6 nameless horrors
  6 deep troll shamans
  A vampire mage (Depths:3)
  14 death yaks
  4 orc high priests
  12 hell knights
  A storm dragon zombie (Depths:3)
  6 spriggan berserkers
  5 shock serpents
  14 naga sharpshooters
  A sun demon (Zot:2)
  11 deep elf knights
  A titan skeleton (Depths:3)
  15 skeletal warriors
  5 fire crabs (Lair:4)
  Amaemon (Lair:1)
  13 sea snakes
  2 iron trolls
  38 deep trolls
  A spriggan rider (Depths:3)
  An anaconda zombie (Snake:4)
  2 flayed ghosts
  3 spriggan simulacra (IceCv)
  6 naga ritualists
  3 glowing orange brains
  11 ironbound convokers
  12 deep elf archers
  5 lindwurms
  9 wizards
  An obsidian statue (Snake:3)
  2 phantasmal warriors (Vaults:5)
  A tengu zombie (Vaults:5)
  17 deep elf pyromancers
  13 harpies
  8 orc knights
  18 deep elf zephyrmancers
  A frost giant zombie (Vaults:5)
  7 mana vipers
  8 necromancers
  9 orc sorcerers
  42 ugly things
  2 oklob plants (Lair:3)
  2 ugly thing zombies (Vaults:1)
  4 cyclopes
  A stone giant skeleton (Vaults:2)
  30 black mambas
  A centaur zombie (Vaults:3)
  15 salamanders
  12 fauns
  4 merfolk sirens
  4 moths of wrath
  7 elf zombies (Elf:3)
  A dire elephant zombie (Vaults:3)
  18 manticores
  3 elephants
  A worldbinder (Gauntlet)
  An apocalypse crab (Lair:4)
  A stone giant zombie (WizLab)
  9 guardian serpents
  5 torpor snails (Lair:5)
  4 vault sentinels
  A salamander zombie (Snake:4)
  25 naga magi
  An eye of devastation (WizLab)
  An orange demon (D:12)
  A storm dragon simulacrum (Depths:3)
  3 water nymphs (Shoals:4)
  3 gargoyles
  10 cane toads
  2 smoke demons
  2 unseen horrors (D:11)
  A komodo dragon (shapeshifter) (Elf:3)
  5 komodo dragons
  3 ice devils
  28 yaktaurs
  2 kobold demonologists
  3 rime drakes
  An iron troll zombie (Depths:1)
  An efreet (D:15)
  A freezing wraith (IceCv)
  An anaconda simulacrum (IceCv)
  A spark wasp simulacrum (Depths:3)
  3 tengu conjurers
  A guardian mummy (Vaults:4)
  A red devil (Depths:1)
  8 merfolk
  7 trolls
  2 hellwings (Depths:1)
  4 tyrant leeches (Lair:5)
  9 hornets
  2 wind drakes (Shoals:4)
  A polar bear (Lair:3)
  31 saltlings (Desolation)
  A human skeleton (Vaults:2)
  9 snapping turtles
  11 dream sheep
  7 blink frogs
  A jumping spider (shapeshifter) (Depths:3)
  3 shadows (D:10)
  10 slime creatures
  4 wraiths
  2 air elementals
  A ynoxinul (Depths:1)
  17 water elementals
  2 spriggans (Depths:3)
  3 wyverns
  2 vampires
  45 yaks
  3 basilisks
  2 minotaur simulacra (IceCv)
  2 fire elementals
  3 hogs (Lair:5)
  A redback (Vaults:4)
  A steam dragon (D:9)
  11 vampire mosquitoes
  3 swamp worms (Gauntlet)
  4 wargs
  39 nagas
  2 deep troll zombies
  14 water moccasins
  An ice beast (D:7)
  A floating eye (Depths:2)
  21 orc warriors
  A sky beast (D:8)
  A sky beast (shapeshifter) (Vaults:5)
  4 black bears
  3 boggarts
  8 ogres (Orc:1)
  9 wolves
  10 centaurs
  A phantom (D:5)
  2 kobold brigands
  2 yaktaur zombies
  14 bullfrogs
  A deep troll simulacrum (IceCv)
  6 necrophages (Lair:3)
  A gnoll sergeant (D:9)
  2 scorpions
  A glowing shapeshifter simulacrum (Depths:2)
  5 earth elementals
  4 wights (D:8)
  A naga zombie (Snake:4)
  9 killer bees
  6 howler monkeys
  20 orc priests
  5 starcursed masses (WizLab)
  4 hounds
  3 jellies
  5 iguanas
  21 orc wizards
  8 hell rats
  15 gnolls
  7 river rats (Lair:4)
  10 adders
  A shadow imp (D:6)
  An ufetubus (D:6)
  A worm (D:4)
  5 dart slugs
  52 orcs
  7 ball pythons
  6 bats
  2 endoplasms
  A giant cockroach (D:1)
  7 goblins
  4 hobgoblins
  2 jackals (D:2)
  5 quokkas
  5 frilled lizards
  14 kobolds
  3 rats
  2 starspawn tentacles (WizLab)
1553 creatures vanquished.

Vanquished Creatures (collateral kills)
  2 dread liches
  7 orbs of fire (Zot:5)
  An ancient lich (Zot:5)
  A juggernaut (Depths:4)
  2 Killer Klowns (Zot:5)
  Frederick (Vaults:3)
  Vashnia (Snake:4)
  The ghost of Koitwynuri the Sorcerer, a veteran NaHW of Ashenzari (Depths:4)
  Xtahua (Vaults:2)
  A curse toe (Zot:5)
  Margery (Vaults:3)
  The ghost of Uhurudgh the Gelid, a veteran DgEE (Vaults:3)
  3 caustic shrikes (Depths:4)
  3 golden dragons
  An electric golem (Zot:5)
  An Ice Fiend (Vaults:3)
  17 Orb Guardians
  Mlioglotl (Snake:4)
  7 tentacled monstrosities
  The ghost of p0werm0de the Severer, an adept MeCK of Xom (Snake:3)
  4 titans (Vaults:5)
  2 quicksilver dragons
  A moon troll (WizLab)
  2 krakens
  2 death cobs
  A deep elf blademaster (Elf:3)
  4 tentacled starspawn (WizLab)
  Polyphemus (Shoals:2)
  A sphinx (Vaults:5)
  An eldritch tentacle (Zot:5)
  7 tengu reavers
  A shadow dragon (Vaults:5)
  3 draconian monks
  Donald (Elf:1)
  6 storm dragons
  Ilsuiw (Shoals:3)
  A draconian knight (Depths:4)
  2 fire giants
  2 nagarajas (Snake:4)
  2 iron dragons (Vaults:5)
  3 deep elf sorcerers (Elf:3)
  A balrug (Depths:4)
  3 draconian shifters
  A juggernaut zombie (Depths:2)
  A frost giant (Vaults:5)
  8 ironbound preservers
  A ghost moth (shapeshifter) (Vaults:3)
  9 vault wardens
  An orc warlord (Vaults:1)
  A ghost moth (Depths:4)
  A deep elf elementalist (Elf:3)
  3 draconian scorchers
  A draconian annihilator (Zot:5)
  4 war gargoyles
  A cacodemon (WizLab)
  13 very ugly things
  13 stone giants
  2 deep elf demonologists (Vaults:5)
  2 green draconians
  2 black draconians
  3 ironbound thunderhulks
  3 yellow draconians
  6 deep elf annihilators
  A purple draconian (Zot:5)
  A white draconian (Zot:5)
  2 dire elephants
  7 spark wasps
  4 red draconians
  8 ettins
  6 crystal guardians
  3 deep elf death magi
  8 merfolk impalers
  6 merfolk javelineers
  8 yaktaur captains
  2 entropy weavers (Vaults:3)
  6 fire dragons
  A deep elf high priest (Elf:3)
  4 great orbs of eyes (WizLab)
  5 ragged hierophants (Desolation)
  A salamander tyrant (Snake:4)
  14 vault guards
  2 rakshasas
  5 servants of whispers (Desolation)
  3 peacekeepers
  2 spriggan air magi
  4 merfolk avatars
  A hell beast (Zot:3)
  A spriggan zombie (Depths:2)
  8 ironbound frosthearts
  6 merfolk aquamancers
  A catoblepas (Shoals:2)
  An ogre mage (Vaults:5)
  4 satyrs
  An anaconda (Snake:4)
  9 centaur warriors
  A boulder beetle (Vaults:2)
  6 ice dragons
  A spriggan skeleton (Depths:3)
  4 two-headed ogres (Vaults:5)
  An alligator snapping turtle (Shoals:1)
  A vampire mage (Depths:4)
  A deep troll shaman (Depths:3)
  A death yak (Shoals:2)
  2 naga warriors (Snake:4)
  12 hell knights
  A deep troll earth mage (Depths:3)
  2 naga sharpshooters (Snake:4)
  A deep elf knight (Elf:1)
  5 iron trolls
  7 sea snakes
  18 deep trolls
  An orange crystal statue (WizLab)
  9 slime creatures
  3 deep elf archers
  A flayed ghost (Depths:3)
  3 wizards
  5 necromancers
  12 ironbound convokers
  3 phantasmal warriors (Vaults:5)
  8 glowing orange brains
  2 deep elf pyromancers (Elf:1)
  5 harpies
  2 lindwurms (Vaults:1)
  7 deep elf zephyrmancers
  3 orc knights
  A golden dragon skeleton (Depths:3)
  3 moths of wrath
  4 human zombies
  11 ugly things
  2 salamanders (Snake:4)
  5 fauns
  7 manticores
  An iron dragon skeleton (Depths:3)
  A cyclops (D:11)
  A sphinx skeleton (Vaults:2)
  7 vault sentinels
  9 merfolk sirens
  A frost giant skeleton (Depths:3)
  3 guardian serpents
  A smoke demon (Depths:4)
  A water nymph (shapeshifter) (Depths:2)
  2 eyes of devastation (WizLab)
  5 water nymphs
  An orange demon (Lair:1)
  A naga mage (Snake:4)
  A cane toad (Lair:5)
  10 yaktaurs
  A komodo dragon (D:11)
  2 red devils
  A yaktaur skeleton (Vaults:2)
  A golden dragon simulacrum (Depths:3)
  3 tengu conjurers
  A guardian mummy (Vaults:4)
  A hellwing (Depths:1)
  2 freezing wraiths (Vaults:5)
  19 merfolk
  5 wind drakes
  A nameless horror (Vaults:3)
  29 saltlings (Desolation)
  A blink frog (Lair:1)
  A dream sheep (shapeshifter) (Vaults:5)
  A blink frog (shapeshifter) (Elf:3)
  8 snapping turtles
  2 culicivoras
  A spriggan (Depths:2)
  8 water elementals
  A yak (D:11)
  A starcursed mass (WizLab)
  A basilisk (D:11)
  3 neqoxecs
  3 redbacks
  A glowing shapeshifter skeleton (Depths:2)
  2 ogres (Vaults:5)
  5 boggarts
  An earth elemental (Elf:1)
  7 killer bees (D:9)
  A howler monkey (D:11)
  An orc priest (D:9)
  2 orcs
  2 starspawn tentacles (WizLab)
  3 tentacles (Shoals:1)
645 creatures vanquished.

Vanquished Creatures (others)
  An orb of fire (Zot:5)
  An Orb Guardian (Zot:5)
  13 eldritch tentacles
  A deep elf elementalist (Elf:3)
  2 Killer Klown zombies (Zot:5)
  12 very ugly thing zombies
  9 Orb Guardian zombies (Zot:5)
  2 storm dragon zombies (Zot:5)
  A golden dragon zombie (Vaults:5)
  2 anaconda zombies (Snake:4)
  A phantasmal warrior (Vaults:5)
  A shadow dragon zombie (Vaults:5)
  4 tengu zombies
  14 ugly thing zombies
  2 deep elf zephyrmancers
  A sphinx zombie (Vaults:5)
  A wizard (Vaults:3)
  4 draconian zombies
  2 frost giant zombies
  5 centaur zombies
  2 minotaur zombies
  A vault sentinel (Vaults:3)
  2 black draconian zombies (Zot:5)
  A yellow draconian zombie (Depths:4)
  A rime drake (shapeshifter) (Depths:4)
  36 human zombies
  A green draconian zombie (Zot:5)
  2 purple draconian zombies
  A red draconian zombie (Zot:5)
  4 spriggan zombies
  4 sea snake zombies (Shoals:4)
  An iron troll zombie (Depths:1)
  A mana viper zombie (Snake:4)
  A guardian serpent zombie (Snake:4)
  2 ice dragon zombies
  A saltling (Desolation)
  An ettin zombie (Vaults:5)
  2 moth of wrath zombies
  2 spriggans (Depths:2)
  5 slime creature zombies
  4 water elementals
  2 humans (Lair:5)
  3 two-headed ogre zombies (Vaults:5)
  22 elf zombies
  20 deep troll zombies
  15 merfolk zombies
  2 lindwurm zombies (Vaults:1)
  2 manticore zombies
  12 yaktaur zombies
  A salamander zombie (Snake:4)
  2 naga zombies (Snake:4)
  3 ogre zombies (Vaults:5)
  7 demonic plants (WizLab)
  75 fungi
  179 plants
  16 starspawn tentacles (WizLab)
  7 tentacles
  3 withered plants
525 creatures vanquished.

Grand Total: 2723 creatures vanquished

Table legend:
 A = Non-vault XP
 B = Vault XP
 C = Vault XP percentage of total XP
 D = Non-vault monster count
 E = Vault monster count
 F = Vault count percentage of total count
                 A         B        C        D         E       F
            +---------+---------+-------+---------+---------+-------
      Total |  703379 |  683684 |  49.3 |    1348 |     806 |  37.4
            +---------+---------+-------+---------+---------+-------
        D:1 |      25 |       3 |  10.7 |      13 |       2 |  13.3
        D:2 |      37 |       0 |   0.0 |      14 |       0 |   0.0
        D:3 |      41 |       0 |   0.0 |      18 |       0 |   0.0
        D:4 |     480 |      55 |  10.3 |      18 |       4 |  18.2
        D:5 |     613 |       0 |   0.0 |      20 |       0 |   0.0
        D:6 |    1541 |       0 |   0.0 |      18 |       0 |   0.0
        D:7 |     814 |       0 |   0.0 |      23 |       0 |   0.0
        D:8 |    1506 |     828 |  35.5 |      11 |       1 |   8.3
        D:9 |    1289 |     394 |  23.4 |      18 |       9 |  33.3
       D:10 |    3780 |      39 |   1.0 |      19 |       2 |   9.5
       D:11 |    5262 |    1185 |  18.4 |      19 |      10 |  34.5
       D:12 |    6886 |       0 |   0.0 |      21 |       0 |   0.0
       D:13 |    6195 |    6776 |  52.2 |      15 |      10 |  40.0
       D:14 |    8031 |   12379 |  60.7 |      19 |      13 |  40.6
       D:15 |   12366 |    1779 |  12.6 |      23 |       2 |   8.0
     Lair:1 |    9108 |    1160 |  11.3 |      26 |       2 |   7.1
     Lair:2 |    4240 |    2027 |  32.3 |      23 |       5 |  17.9
     Lair:3 |    4607 |    3156 |  40.7 |      22 |       9 |  29.0
     Lair:4 |    8478 |    8803 |  50.9 |      25 |      20 |  44.4
     Lair:5 |   10583 |   18763 |  63.9 |      30 |      43 |  58.9
   Shoals:1 |   17954 |       0 |   0.0 |      34 |       0 |   0.0
   Shoals:2 |   21291 |    6975 |  24.7 |      44 |       8 |  15.4
   Shoals:3 |   18848 |    4592 |  19.6 |      35 |       6 |  14.6
   Shoals:4 |   17225 |   25037 |  59.2 |      35 |      42 |  54.5
    Snake:1 |    2980 |    3041 |  50.5 |       6 |       6 |  50.0
    Snake:2 |   12477 |    4401 |  26.1 |      27 |      10 |  27.0
    Snake:3 |   20472 |    5485 |  21.1 |      44 |       8 |  15.4
    Snake:4 |   31736 |   37301 |  54.0 |      58 |      47 |  44.8
      Orc:1 |    3877 |       0 |   0.0 |      28 |       0 |   0.0
      Orc:2 |    7244 |    8248 |  53.2 |      47 |      25 |  34.7
      Elf:1 |   22727 |    7077 |  23.7 |      38 |      10 |  20.8
      Elf:2 |   26146 |    3298 |  11.2 |      42 |       4 |   8.7
      Elf:3 |   11627 |   25517 |  68.7 |      22 |      25 |  53.2
   Vaults:1 |   33918 |   26071 |  43.5 |      51 |      30 |  37.0
   Vaults:2 |   43101 |   11957 |  21.7 |      61 |      14 |  18.7
   Vaults:3 |   38489 |   43892 |  53.3 |      57 |      52 |  47.7
   Vaults:4 |   11789 |   26102 |  68.9 |      17 |      36 |  67.9
   Vaults:5 |   38850 |  108482 |  73.6 |      50 |      87 |  63.5
   Depths:1 |   45944 |    5519 |  10.7 |      57 |      11 |  16.2
   Depths:2 |   30844 |    8188 |  21.0 |      41 |       9 |  18.0
   Depths:3 |   51313 |   23143 |  31.1 |      67 |      23 |  25.6
   Depths:4 |   45343 |   23907 |  34.5 |      40 |      20 |  33.3
      Zot:1 |    9444 |       0 |   0.0 |       7 |       0 |   0.0
      Zot:2 |    1823 |       0 |   0.0 |       1 |       0 |   0.0
      Zot:3 |    8360 |       0 |   0.0 |       7 |       0 |   0.0
      Zot:4 |    8442 |       0 |   0.0 |       7 |       0 |   0.0
      Zot:5 |   32230 |  121570 |  79.0 |      24 |      45 |  65.2
      IceCv |       0 |    3929 | 100.0 |       0 |      10 | 100.0
     WizLab |    3003 |   44872 |  93.7 |       6 |      45 |  88.2
 Desolation |       0 |   44903 | 100.0 |       0 |      95 | 100.0
   Gauntlet |       0 |    2830 | 100.0 |       0 |       6 | 100.0
            +---------+---------+-------+---------+---------+-------

Illustrated notes

Table legend:
 A = Kills in this place as a percentage of kills in entire the game.
 B = Kills by you in this place as a percentage of kills by you in the entire game.
 C = Kills by friends in this place as a percentage of kills by friends in the entire game.
 D = Other kills in this place as a percentage of other kills in the entire game.
 E = Experience gained in this place as a percentage of experience gained in the entire game.
 F = Experience gained in this place divided by the number of levels of this place that you have seen.
                   A       B       C       D       E      F
               +-------+-------+-------+-------+-------+----------------------
         Total | 100.0 | 100.0 | 100.0 | 100.0 | 100.0 | 26357.5
       Dungeon |  15.0 |  20.0 |   2.7 |  29.4 |   5.4 | 5017.8
          Lair |   9.5 |  13.1 |   0.8 |  11.8 |   5.1 | 14185.0
        Shoals |   9.4 |   6.4 |  16.9 |   0.0 |   8.0 | 27980.5
     Snake Pit |   9.5 |  12.6 |   2.5 |   0.0 |   8.4 | 29473.2
  Orcish Mines |   4.6 |   6.5 |   0.3 |   0.0 |   1.4 | 9684.5
   Elven Halls |   6.5 |   7.1 |   4.6 |  29.4 |   6.9 | 32130.7
        Vaults |  21.0 |  16.3 |  32.5 |  17.6 |  27.4 | 76530.2
        Depths |  12.5 |  10.6 |  17.4 |   5.9 |  17.0 | 59495.2
           Zot |   4.3 |   2.1 |   9.8 |   0.0 |  13.2 | 37001.8
      Ice Cave |   0.5 |   0.7 |   0.0 |   0.0 |   0.3 | 3929.0
        Wizlab |   2.4 |   1.3 |   4.9 |   0.0 |   3.4 | 47875.0
    Desolation |   4.4 |   3.0 |   7.7 |   5.9 |   3.2 | 44903.0
      Gauntlet |   0.3 |   0.4 |   0.0 |   0.0 |   0.2 | 2830.0
               +-------+-------+-------+-------+-------+----------------------

Table legend: (Time is in decaauts)
 A = Elapsed time spent in this place.
 B = Non-inter-level travel time spent in this place.
 C = Inter-level travel time spent in this place.
 D = Time resting spent in this place.
 E = Time spent auto-exploring this place.
 F = Levels seen in this place.
 G = Mean time per level.
                   A        B        C        D        E       F      G
               +--------+--------+--------+--------+--------+-----+--------+
         Total |  73554 |  66748 |   6806 |  14198 |  35950 |  53 | 1387.8 |
       Dungeon |  19240 |  16865 |   2375 |   2446 |  11373 |  15 | 1282.7 |
          Lair |   9244 |   8195 |   1049 |   1967 |   4730 |   5 | 1848.8 |
        Shoals |   7377 |   6963 |    414 |   1463 |   4045 |   4 | 1844.2 |
     Snake Pit |   8487 |   7730 |    757 |   2773 |   3524 |   4 | 2121.8 |
  Orcish Mines |   2495 |   2184 |    311 |    344 |   1429 |   2 | 1247.5 |
   Elven Halls |   3479 |   3179 |    300 |     79 |   2147 |   3 | 1159.7 |
        Vaults |   9867 |   8956 |    911 |   1470 |   4434 |   5 | 1973.4 |
        Depths |   6764 |   6326 |    438 |   1369 |   3349 |   4 | 1691.0 |
           Zot |   2235 |   1985 |    250 |    554 |    322 |   5 |  447.0 |
        Bazaar |    392 |    392 |      0 |    134 |     91 |   1 |  392.0 |
         Trove |     41 |     41 |      0 |      0 |      0 |   1 |   41.0 |
      Ice Cave |    484 |    484 |      0 |    296 |     57 |   1 |  484.0 |
        Wizlab |   2209 |   2209 |      0 |   1084 |    231 |   1 | 2209.0 |
    Desolation |    555 |    555 |      0 |     16 |      0 |   1 |  555.0 |
      Gauntlet |    678 |    678 |      0 |    201 |    218 |   1 |  678.0 |
               +--------+--------+--------+--------+--------+-----+--------+

Top non-repeatable levels by time:
 Snake:4: 3294 daAuts
Vaults:3: 2635 daAuts
Shoals:2: 2351 daAuts
  WizLab: 2209 daAuts
 Snake:3: 2209 daAuts
  Lair:1: 2195 daAuts
Shoals:3: 2185 daAuts
  Lair:5: 2108 daAuts
    D:13: 2100 daAuts
Vaults:2: 2043 daAuts
Depths:3: 2034 daAuts
Vaults:4: 1966 daAuts
Depths:4: 1833 daAuts
  Lair:2: 1764 daAuts
 Snake:2: 1759 daAuts
